 Seeded DCSS version 0.31-a0-1059-g83d41fd (webtiles) character file.

Game seed: 4606396983093790855 (custom seed)

11263588 PurpleRed the Wishgranter (level 27, 228/228 HPs)
             Began as a Djinni Earth Elementalist on Nov 20, 2023.
             Was the Champion of Cheibriados.
             Escaped with the Orb
             ... and 12 runes on Nov 21, 2023!
             The game lasted 07:50:21 (91591 turns).

PurpleRed the Wishgranter (DjEE)                   Turns: 91591, Time: 07:50:21

Health: 228/228    AC: 38    Str: 30    XL:     27
Gold:   8977       EV: 38    Int: 51    God:    Cheibriados [******] SH: 42 Dex: 37

rFire   + + .        b - +9 scimitar (holy)
rCold   + . .        W - +8 tower shield {AC+3}
rNeg    + + .        A - +5 chain mail of Quguced {Str+5 Int+7 Stlth-}
rPois   ∞            x - +2 helmet {Int+3}
rElec   +            R - +2 cloak {Will+}
rCorr   .            g - +1 pair of gloves "Lyhautog" {rElec Int+3}
SInv    .            (boots unavailable)
Will    +++..        k - amulet of regeneration
Stlth   +            D - ring "Litukhyxu" {rC+ rN++}
HPRegen 1.38/turn    Y - ring "Tosaq" {rC+ AC+4 Str+3 Stlth-}
MPRegen 0.00/turn

%: no passive effects
@: flying, studying 6 skills, very slow
A: sickness immunity, fire resistance 2, cold vulnerability 1, float, innate
caster, HP casting, extra vitality 1, large bone plates 1
0: Orb of Zot
}: 12/15 runes: barnacled, slimy, silver, obsidian, bone, abyssal, demonic,
glowing, magical, fiery, dark, gossamer
a: Renounce Religion, Bend Time, Temporal Distortion, Slouch, Step From Time


You escaped.
You worshipped Cheibriados.
Cheibriados was exalted by your worship.
You visited 16 branches of the dungeon, and saw 77 of its levels.
You visited Pandemonium 1 time, and saw 13 of its levels.
You visited the Abyss 7 times.
You visited 1 ziggurat, and saw 17 of its levels.
You also visited: Sewer, Gauntlet, Volcano, Wizlab and Desolation.

You collected 13193 gold pieces.
You spent 4216 gold pieces at shops.

Inventory:

Hand Weapons
 b - a +9 scimitar of holy wrath (weapon)
 m - the +7 Spriggan's Knife {stab, EV+4 Stlth+}
   (You found it in a Gauntlet)

   Stab:      It is more effective when stabbing unaware enemies, sometimes
   treating them as though they were completely helpless.
   EV+4:      It affects your evasion (+4).
   Stlth+:    It makes you more stealthy.
 q - a +9 scimitar of flaming
 F - a +5 demon blade of flaming
Missiles
 y - 4 throwing nets
 L - 21 curare-tipped darts
Armour
 g - the +1 pair of gloves "Lyhautog" (worn) {rElec Int+3}
   (You acquired it on level 3 of the Dungeon)

   Int+3:     It affects your intelligence (+3).
   rElec:     It insulates you from electricity.
 h - the +0 chain mail of Dithmenos's Respect {rPois Regen+ Int+7 Dex-3}
   (You found it on level 3 of the Elven Halls)

   Int+7:     It affects your intelligence (+7).
   Dex-3:     It affects your dexterity (-3).
   rPois:     It protects you from poison Regen+: It increases your rate of
   health regeneration.
 l - the +2 cloak of Divine Compulsion {rC+ Dex+4}
   (You took it off a draconian monk on level 2 of the Realm of Zot)

   Dex+4:     It affects your dexterity (+4).
   rC+:       It protects you from cold.
 x - a +2 helmet of intelligence (worn)
 A - the +5 chain mail of Quguced (worn) {Str+5 Int+7 Stlth-}
   (You took it off a minotaur in a Gauntlet)

   Str+5:     It affects your strength (+5).
   Int+7:     It affects your intelligence (+7).
   Stlth-:    It makes you less stealthy.
 O - the +5 moon troll leather armour {Spirit, Regen++ MP+5}
   (You took it off a moon troll in a wizard's laboratory)

   MP+5:      It affects your magic capacity (+5).
   Regen++:   It increases your rate of health regeneration.
 R - a +2 cloak of willpower (worn)
 W - a +8 tower shield of protection (worn)
Magical Staves
 a - the staff of Cocytus {rElec rPois rF+ rN+ Str+3 Stlth+ Air}
   (You found it on level 16 of a ziggurat)

   [staff of air]

   Base accuracy: +5 Base damage: 5 Base attack delay: 1.2 This weapon's minimum
   attack delay (0.6) is reached at skill level 12.
   Str+3:     It affects your strength (+3).
   rF+:       It protects you from fire.
   rElec:     It insulates you from electricity.
   rPois:     It protects you from poison rN+: It protects you from negative
   energy.
   Stlth+:    It makes you more stealthy.
   Air:       It increases the power of your Air spells.
   It falls into the 'Staves' category.
   It is a one-handed weapon.
 c - the staff "Killer Klown's Peril" {+Blink rC+ Int+3 Ice}
   (You found it on level 1 of the Elven Halls)

   [staff of cold]

   Base accuracy: +5 Base damage: 5 Base attack delay: 1.2 This weapon's minimum
   attack delay (0.6) is reached at skill level 12.
   Int+3:     It affects your intelligence (+3).
   rC+:       It protects you from cold.
   +Blink:    It lets you blink.
   Ice:       It increases the power of your Ice spells.
   It falls into the 'Staves' category.
   It is a one-handed weapon.
 V - the staff of Loir {rElec rPois Int+5 Air}
   (You found it on level 7 of Gehenna)

   [staff of air]

   Base accuracy: +5 Base damage: 5 Base attack delay: 1.2 This weapon's minimum
   attack delay (0.6) is reached at skill level 12.
   Int+5:     It affects your intelligence (+5).
   rElec:     It insulates you from electricity.
   rPois:     It protects you from poison Air: It increases the power of your
   Air spells.
   It falls into the 'Staves' category.
   It is a one-handed weapon.
Jewellery
 f - the ring of Jiubef {rC+ EV+5}
   (You found it on level 3 of the Crypt)

   [ring of evasion]

   EV+5:      It affects your evasion (+5).
   rC+:       It protects you from cold.
 k - an amulet of regeneration (around neck)
 r - the ring "Fiurghixi" {rC+ Will+ Dex+6}
   (You took it off a deep elf death mage on level 3 of the Elven Halls)

   [ring of dexterity]

   Dex+6:     It affects your dexterity (+6).
   rC+:       It protects you from cold.
   Will+:     It increases your willpower.
 z - the ring of Lugonu's Hatred {rCorr Stlth+}
   (You took it off a deep elf demonologist on level 3 of the Elven Halls)

   [ring of resist corrosion]

   rCorr:     It protects you from acid and corrosion.
   Stlth+:    It makes you more stealthy.
 C - the ring of the Wary Eyes {Str+7 Int+2 SInv}
   (You found it on level 13 of a ziggurat)

   [ring of see invisible]

   Str+7:     It affects your strength (+7).
   Int+2:     It affects your intelligence (+2).
   SInv:      It lets you see invisible.
 D - the ring "Litukhyxu" (left hand) {rC+ rN++}
   (You found it on level 5 of the Pits of Slime)

   [ring of protection from cold]

   rC+:       It protects you from cold.
   rN++:      It greatly protects you from negative energy.
 N - the ring "Roloin" {rElec rPois rN+ Str+2 Int+6}
   (You bought it in a shop on level 3 of the Depths)

   [ring of intelligence]

   Str+2:     It affects your strength (+2).
   Int+6:     It affects your intelligence (+6).
   rElec:     It insulates you from electricity.
   rPois:     It protects you from poison rN+: It protects you from negative
   energy.
 U - the amulet of Facext {Reflect rC+ rCorr Str-2 Int+4 SH+5}
   (You found it on level 13 of a ziggurat)

   [amulet of reflection]

   Reflect:   It reflects blocked missile attacks.
   Str-2:     It affects your strength (-2).
   Int+4:     It affects your intelligence (+4).
   rC+:       It protects you from cold.
   rCorr:     It protects you from acid and corrosion.
   SH+5:      It affects your SH (+5).
 Y - the ring "Tosaq" (right hand) {rC+ AC+4 Str+3 Stlth-}
   (You found it on level 5 of the Pits of Slime)

   [ring of protection]

   AC+4:      It affects your AC (+4).
   Str+3:     It affects your strength (+3).
   rC+:       It protects you from cold.
   Stlth-:    It makes you less stealthy.
 Z - the ring "Cuomu" {Fly rN+ Str-3 Int+9 Dex+2}
   (You took it off a balrug in Pandemonium)

   [ring of positive energy]

   Str-3:     It affects your strength (-3).
   Int+9:     It affects your intelligence (+9).
   Dex+2:     It affects your dexterity (+2).
   rN+:       It protects you from negative energy.
   Fly:       It grants you flight.
Wands
 e - a wand of digging (3)
 u - a wand of light (76)
 G - a wand of iceblast (126)
Scrolls
 s - 10 scrolls of enchant armour
 w - a scroll of blinking
 B - 6 scrolls of silence
 H - 2 scrolls of revelation
 K - a scroll of acquirement
 S - 15 scrolls of fog
 T - 14 scrolls of immolation
 X - 23 scrolls of teleportation
Potions
 d - 3 potions of resistance
 i - 9 potions of lignification
 j - 16 potions of curing
 n - 9 potions of might
 o - 19 potions of mutation
 p - 4 potions of heal wounds
 v - 12 potions of enlightenment
 E - 8 potions of invisibility
 I - 10 potions of attraction
 J - 17 potions of ambrosia
 M - 6 potions of berserk rage
 P - 3 potions of cancellation
 Q - a potion of brilliance
Miscellaneous
 t - a lightning rod (4/4)


   Skills:
 O Level 27 Fighting
 - Level 2.6(13.3) Short Blades
 - Level 19.9(20.0) Long Blades
 * Level 20.7 Armour
 - Level 24.0 Dodging
 - Level 15.0 Stealth
 - Level 25.0 Shields
 O Level 27 Spellcasting
 O Level 27 Conjurations
 O Level 27 Hexes
 O Level 27 Summonings
 O Level 27 Necromancy
 O Level 27 Translocations
 O Level 27 Transmutations
 O Level 27 Fire Magic
 O Level 27 Ice Magic
 O Level 27 Air Magic
 O Level 27 Earth Magic
 O Level 27 Poison Magic
 + Level 19.2 Invocations
 - Level 10.0 Evocations


You knew the following spells:

 Your Spells              Type           Power      Damage    Failure   Level
a - Vhi's Electric Charg  Tloc/Air       100%       N/A       0%          4
b - Mephitic Cloud        Conj/Pois/Air  100%       N/A       0%          3
c - Stone Arrow           Conj/Erth      100%       3d13      0%          3
d - Petrify               Tmut/Erth      100%       N/A       0%          4
e - Brom's Barrelling Bo  Conj/Erth      100%       2d11      0%          4
f - Borgnjor's Vile Clut  Necr/Erth      74%        N/A       0%          5
g - Ozocubu's Refrigerat  Ice            74%        4d23      0%          7
h - Lesser Beckoning      Tloc           100%       N/A       0%          2
i - Passwall              Tmut/Erth      100%       N/A       0%          2
j - Sandblast             Erth           100%       2d20      0%          1
k - Foxfire               Conj/Fire      100%       2x1d9     0%          1
l - Simulacrum            Ice/Necr       74%        N/A       0%          6
m - Malign Gateway        Summ/Tloc      74%        N/A       0%          7
n - Enfeeble              Hex            74%        N/A       0%          7
o - Spellforged Servitor  Conj/Summ      74%        N/A       0%          7
p - Death's Door          Necr           74%        N/A       1%          9
q - Chain Lightning       Conj/Air       74%        3d98      1%          9
t - Call Canine Familiar  Summ           100%       N/A       0%          3
Your spell library was empty.

Dungeon Overview and Level Annotations

Branches:
Dungeon (15/15)            Temple (1/1) D:5            Lair (5/5) D:10
 Shoals (4/4) Lair:3       Spider (4/4) Lair:3        Slime (5/5) Lair:4
    Orc (2/2) D:11            Elf (3/3) Orc:2        Vaults (5/5) D:14
  Crypt (3/3) Vaults:2       Tomb (0/3) Crypt:3      Depths (4/4) D:15
   Hell (visited)             Dis (6/7) Hell            Geh (7/7) Hell
    Coc (0/7) Hell            Tar (7/7) Hell            Zot (5/5) Depths:4
  Sewer (visited)         Volcano (visited)          WizLab (visited)
Desolation (visited)      Gauntlet (visited)

Altars:
Ashenzari
Cheibriados
Dithmenos
Elyvilon
Fedhas
Gozag
Hepliaklqana
Makhleb
Nemelex Xobeh
Okawaru
Qazlal
Ru
Trog
Uskayaw
Wu Jian
Xom
Yredelemnul
Zin
The Shining One
Jiyva

Shops:
D:5 (*   D:7 !   D:9 =   D:11 [   Orc:2 :*(!   Elf:2 =   Elf:3 *   Shoals:1 *(
Shoals:3 *   Vaults:3 (   Depths:1 ?   Depths:3 :==

Portals:
Hell: Depths:1 Depths:2 Depths:3 Depths:4
Abyss: Depths:2 Depths:3
Pandemonium: Orc:2 Depths:1 Depths:2
Trove: D:10 (give 2 scrolls of acquirement)

Annotations:
Shoals:2 1 runed translucent door, arghonaut's ghost, adept DrBe
Spider:3 3 runed translucent doors, Nuqinleag's ghost, adept GrEE
Elf:1 3 runed translucent doors, Punakon's ghost, adept DrBe
Vaults:4 3 runed translucent doors, exclusion: obsidian statue, Marixus's ghost, adept HOFi
Crypt:2 2 transporters, exclusion: orange crystal statue
Depths:3 3 runed translucent doors, Dameikh's ghost, veteran FoFi
Depths:4 1 transporter, Xingyg's ghost, veteran GrVM


Innate Abilities, Weirdness & Mutations

You are immune to sickness and miasma.
You are immune to poison.
Your flesh is very heat resistant. (rF++)
You are vulnerable to cold. (rC-)
You float through the air rather than walking.
You learn spells naturally, not from books.
Your magical power is your life essence.
You have superior vitality. (+4 MHP)
You are partially covered in large bone plates. (SH +4)


Message History

There is an open door here.
HP restored.
There is a stone staircase leading up here.
You fly upwards.
There is a stone staircase leading down here.
There is a stone staircase leading up here.
You fly upwards.
There is a stone staircase leading down here.
There is a stone staircase leading up here.
You fly upwards.
There is a stone staircase leading down here.
There is a stone staircase leading up here.
You fly upwards.
There is a stone staircase leading down here.
An Executioner and a large abomination come into view.
Casting: Chain Lightning (mildly dangerous; 1% risk of failure)
Confirm with . or Enter, or press ? or * to list all spells.
You feel a surge of power! Lightning arcs from your hands!
The bolt of lightning hits the large abomination!!!!!
You destroy the large abomination!
Cheibriados appreciates the change of pace.
The bolt of lightning hits you! You resist.
The bolt of lightning hits the Executioner!!!!
The Executioner resists.
You kill the Executioner!
Cheibriados thoroughly appreciates the change of pace.
A chaos spawn comes into view.
You block the chaos spawn's attack.
Your +9 scimitar of holy wrath softly glows with a divine radiance!
b - a +9 scimitar of holy wrath (weapon)
You hit the chaos spawn.
The chaos spawn convulses.
The chaos spawn is moderately wounded.
You block the chaos spawn's attack.
You slice the chaos spawn!!
The chaos spawn convulses!!
You kill the chaos spawn!
Cheibriados appreciates the change of pace.
The chaos spawn degenerates into a cloud of primal chaos!
Okay, then.
There is a staircase leading out of the dungeon here.
You have escaped!

♣♣♣♣♣♣ ♣♣♣♣
♣♣♣♣♣♣P.♣P♣♣♣ ♣♣≈≈♣
♣♣...P..♣....♣♣♣≈≈≈♣
♣♣..@..♣♣♣♣♣.♣.♣♣♣≈≈≈
♣......♣ ♣♣.♣♣ ♣♣♣≈
♣♣♣..♣.♣ ♣♣.♣ ♣♣
♣♣..♣♣ ♣♣.♣♣ ♣♣.♣♣
♣.♣♣ ♣..♣ ♣..♣♣♣ ♣.♣♣
♣♣♣..♣♣ ♣ ♣.♣ ♣♣♣.♣♣
♣♣ ♣.♣♣♣ ♣♣.♣♣♣.


There were no monsters in sight!

Vanquished Creatures
  Cerebov (Pan)
  Asmodeus (Geh:7)
  the Royal Jelly (Slime:5)
  Ereshkigal (Tar:7)
  Gloorx Vloq (Pan)
  Lom Lobon (Pan)
  7 pandemonium lords
  The ghost of reasonance the Conqueror, a legendary DsFi of Jiyva (Zot:2)
  Tiamat (Zot:3)
  Mnoleg (Pan)
  4 dread liches
  4 orbs of fire (Zot:5)
  Mennas (Pan)
  8 ancient liches
  A juggernaut (Depths:4)
  Sojobo (Vaults:5)
  Vv (Zot:3)
  A shard shrike (Zig:8)
  Xtahua (Depths:3)
  7 Killer Klowns
  A curse toe (Zot:5)
  23 caustic shrikes
  Nikola (Vaults:2)
  Geryon (Hell)
  15 golden dragons
  7 profane servitors
  Arachne (Spider:3)
  7 doom hounds
  4 pearl dragons (Zig:14)
  The ghost of Ohee the Swashbuckler, a veteran KoDe of Uskayaw (Crypt:3)
  Norris (Elf:1)
  2 shard shrike zombies
  34 bone dragons
  17 Tzitzimimeh
  14 Brimstone Fiends
  6 hellephants
  3 electric golems
  7 Hell Sentinels
  2 iron giants (Zig:12)
  2 spectral shard shrikes (Tar:3)
  18 tainted leviathans
  Mlioglotl (Spider:4)
  8 Ice Fiends
  19 searing wretches
  18 tentacled monstrosities
  4 titans
  8 liches
  27 Orb Guardians
  2 sphinxes
  A moon troll (WizLab)
  16 quicksilver dragons
  9 death cobs
  Asterion (Elf:3)
  A walking divine tome (Abyss:6)
  30 Executioners
  6 deep elf master archers
  2 krakens
  2 deep elf blademasters (Elf:3)
  19 tentacled starspawn
  22 ancient champions
  A sphinx (shapeshifter) (Vaults:5)
  Frances (Shoals:2)
  25 acid blobs
  Polyphemus (Shoals:2)
  16 storm dragons
  11 shadow dragons
  Agnes (D:14)
  11 tengu reavers
  3 daevas (Zig:14)
  8 revenants
  Ilsuiw (Shoals:3)
  Donald (Shoals:2)
  10 draconian monks
  11 demonspawn warmongers (Pan)
  9 azure jellies
  7 nagarajas (Zig:16)
  2 narguns (Zig:8)
  29 fire giants
  16 rockslimes
  5 emperor scorpions (Spider:4)
  Louise (Shoals:2)
  5 deep elf sorcerers
  7 draconian knights
  13 ghost moths
  9 draconian scorchers
  3 quicksilver elementals
  17 vault wardens
  3 orc warlords
  7 iron dragons
  5 angels (Zig:14)
  3 deep elf elementalists (Elf:3)
  9 frost giants
  A spectral juggernaut (Tar:5)
  8 draconian shifters
  2 caustic shrike zombies
  A juggernaut zombie (Crypt:2)
  16 reapers
  6 curse skulls
  6 spectral caustic shrikes
  7 ghouls
  47 balrugs
  A broodmother (Spider:2)
  6 draconian annihilators
  3 draconian stormcallers
  4 spriggan defenders
  16 war gargoyles
  14 quicksilver oozes
  16 formless jellyfish
  21 ironbound preservers
  3 demonspawn corrupters (Pan)
  3 juggernaut skeletons (Tar:7)
  7 ophanim
  32 very ugly things
  5 demonspawn blood saints
  7 ironbound thunderhulks
  10 deep elf demonologists
  8 cacodemons
  3 caustic shrike skeletons
  31 stone giants
  6 vampire knights
  11 putrid mouths
  A halazid warlock (Desolation)
  10 demonspawn black suns (Pan)
  12 deep elf annihilators
  Azrael (D:13)
  12 red draconians
  11 green draconians
  15 lorocyprocas
  10 black draconians
  A spectral titan (Tar:2)
  7 spark wasps
  A minotaur (Gauntlet)
  22 yellow draconians
  2 wendigos (Zig:8)
  Snorg (D:14)
  6 white draconians
  16 dire elephants
  18 purple draconians
  5 iron golems
  7 merfolk impalers
  11 blizzard demons (Pan)
  13 ettins
  16 deep elf death magi
  22 eidola
  6 entropy weavers
  15 yaktaur captains
  2 crystal guardians
  10 merfolk javelineers
  2 mummy priests (Crypt:3)
  13 fire dragons
  A great orb of eyes (shapeshifter) (Zig:17)
  16 green deaths
  3 deep elf high priests
  5 spectral spriggans
  4 ragged hierophants (Desolation)
  11 jiangshi
  32 vault guards
  4 ice dragons
  Josephine (Orc:2)
  A spectral shadow dragon (Tar:1)
  11 salamander tyrants
  3 catoblepae
  19 great orbs of eyes
  A hydra (shapeshifter) (Vaults:5)
  7 rakshasas
  2 quicksilver dragon skeletons
  3 hell beasts
  A servant of whispers (Desolation)
  An Orb Guardian zombie (Crypt:1)
  3 ogre magi
  18 centaur warriors
  2 hydras
  5 spriggan skeletons
  8 merfolk aquamancers
  2 peacekeepers (Desolation)
  4 alligator snapping turtles
  3 death knights
  3 satyrs
  11 two-headed ogres
  A jorogumo (Spider:3)
  2 merfolk avatars
  2 anacondas (Zig:16)
  5 spriggan air magi
  3 demonspawn (Orc:2)
  4 ironbound frosthearts
  6 deep troll shamans
  12 boulder beetles
  5 radroaches
  17 dancing weapons
  2 sphinx skeletons
  18 stokers
  20 hell hogs
  A death yak (shapeshifter) (Vaults:5)
  A spectral stone giant (Tar:1)
  3 deep troll earth magi
  Urug (D:14)
  4 naga warriors (Zig:16)
  A death scarab (Spider:3)
  10 orc high priests
  2 spriggan berserkers (Depths:1)
  10 vampire magi
  12 death yaks
  21 demonic crawlers
  19 hell knights
  6 occultists
  26 soul eaters
  10 tengu warriors
  A titan zombie (Tar:7)
  5 naga sharpshooters
  6 deep elf knights (Elf:3)
  4 spectral nagas
  14 thrashing horrors
  Sonja (Lair:5)
  4 shock serpents (Zig:16)
  2 titan skeletons
  3 crystal echidnas
  3 pharaoh ants
  48 sun demons
  10 wretched stars
  Lodul (D:14)
  8 skysharks
  28 skeletal warriors
  Nergalle (Lair:2)
  A spectral death yak (Lair:1)
  5 cherubim
  A death drake (shapeshifter) (Zig:17)
  8 flayed ghosts
  10 iron trolls
  A storm dragon skeleton (Pan)
  2 orange crystal statues
  40 shadow wraiths
  18 sixfirhies
  A salamander mystic (D:15)
  5 orb spiders
  2 golden dragon zombies (Depths:2)
  5 spatial maelstroms
  2 spectral bunyips
  5 sun moths
  3 shadow demons (Pan)
  65 large abominations
  12 glowing orange brains
  2 anaconda zombies
  60 deep trolls
  A sea snake (shapeshifter) (Zig:17)
  10 sea snakes
  A naga ritualist (Zig:16)
  2 swamp dragons
  A shadow dragon zombie (Crypt:3)
  A golden dragon skeleton (Depths:2)
  2 obsidian statues
  A lindwurm (Lair:5)
  A bog body (Crypt:1)
  24 ironbound convokers
  8 orc knights
  8 deep elf archers
  6 steelbarb worms
  Pikel (D:4)
  7 necromancers
  An alligator zombie (Crypt:2)
  41 ugly things
  7 phantasmal warriors
  2 anaconda skeletons
  27 deep elf pyromancers
  22 harpies
  19 wolf spiders
  13 arcanists
  13 shining eyes
  3 shadow dragon skeletons (Pan)
  6 cyclopes
  A salamander (Zig:16)
  13 orc sorcerers
  2 worldbinders (Abyss:5)
  16 manticores
  20 deep elf zephyrmancers
  29 fauns
  2 fire giant zombies
  A spectral alligator snapping turtle (Tar:3)
  30 moths of wrath
  4 apocalypse crabs
  9 elephants
  Maurice (D:13)
  A spectral centaur (Tar:2)
  An alligator skeleton (Hell)
  7 guardian serpents
  3 centaur zombies (D:10)
  4 merfolk sirens
  57 smoke demons
  2 ice statues (Zig:15)
  A black mamba (shapeshifter) (D:13)
  9 water nymphs
  5 black mambas
  3 naga zombies (Crypt:3)
  A water nymph (shapeshifter) (Vaults:5)
  7 eyes of devastation
  5 rust devils
  4 naga magi
  3 gargoyles
  7 torpor snails
  9 vault sentinels
  5 molten gargoyles
  An unseen horror (D:10)
  11 orange demons
  2 naga skeletons (Pan)
  11 cane toads
  3 rime drakes (Lair:1)
  25 yaktaurs
  7 efreet
  10 komodo dragons
  2 kobold demonologists
  3 dire elephant skeletons
  17 hellions
  10 ice devils
  A redback zombie (Crypt:1)
  A human zombie (Vaults:1)
  5 guardian mummies (Crypt:3)
  4 tengu conjurers
  A spectral demonspawn (Tar:1)
  19 tormentors
  4 sea snake zombies (Hell)
  10 freezing wraiths
  A green draconian skeleton (Crypt:1)
  9 ancient zymes
  24 merfolk
  8 red devils
  A death yak skeleton (Crypt:2)
  2 silent spectres
  A tengu simulacrum (Vaults:1)
  24 hellwings
  4 spectral harpies
  A wind drake (shapeshifter) (Zig:17)
  A yellow draconian skeleton (Crypt:3)
  2 hydra zombies
  A harpy zombie (Tar:7)
  A merfolk (shapeshifter) (Zig:17)
  3 hydra skeletons (Hell)
  A mana viper skeleton (Crypt:2)
  14 wind drakes
  A tyrant leech (Abyss:5)
  12 trolls
  10 hornets
  A polar bear (Lair:1)
  23 saltlings
  3 harpy skeletons (Pan)
  17 tarantellas
  16 raiju (Abyss:5)
  A dream sheep (shapeshifter) (Depths:1)
  8 glass eyes
  2 spectral guardian serpents (Crypt:2)
  15 blink frogs
  An ettin zombie (Crypt:3)
  A spectral swamp dragon (Tar:1)
  A guardian serpent zombie (Crypt:1)
  6 dream sheep (Lair:4)
  A boulder beetle zombie (Crypt:2)
  112 slime creatures
  20 small abominations
  An ettin skeleton (Depths:2)
  9 snapping turtles
  2 spriggans
  3 flying skulls (Crypt:1)
  33 water elementals
  34 ynoxinuls
  9 air elementals
  33 jumping spiders
  2 centaur simulacra (D:14)
  10 wraiths
  19 culicivoras
  A spectral komodo dragon (Lair:1)
  16 humans (D:14)
  2 shadows (Abyss:5)
  7 wyverns
  An ushabti (Crypt:3)
  40 yaks
  8 golden eyes
  2 steam dragons (Lair:5)
  An ice dragon skeleton (Crypt:3)
  2 vampires (D:13)
  48 redbacks
  A fire bat (Volcano)
  A basilisk (shapeshifter) (Zig:17)
  4 fire elementals
  An elf skeleton (Vaults:1)
  A basilisk (D:15)
  23 chaos spawn
  13 neqoxecs
  8 vampire mosquitoes
  Menkaure (D:5)
  A swamp worm (shapeshifter) (Depths:2)
  A warg (shapeshifter) (Vaults:5)
  A harpy simulacrum (Crypt:3)
  A death yak simulacrum (Lair:1)
  6 wargs
  3 nagas (Zig:16)
  A glowing shapeshifter skeleton (Depths:2)
  3 acid dragons (Lair:5)
  A merfolk zombie (Crypt:1)
  9 water moccasins
  5 hell hounds
  2 water nymph skeletons (Crypt:1)
  A swamp drake (Lair:5)
  2 ice beasts (D:7)
  44 orc warriors
  A spriggan simulacrum (Depths:2)
  2 black bears
  A lindwurm zombie (Crypt:3)
  11 ogres
  5 wolves
  9 boggarts
  4 centaurs
  A swamp dragon skeleton (Pan)
  2 kobold brigands
  4 phantoms
  11 bullfrogs
  A bullfrog (shapeshifter) (Vaults:5)
  2 naga simulacra
  5 earth elementals
  2 gnoll sergeants
  2 scorpions (D:6)
  A glowing shapeshifter simulacrum (Vaults:1)
  A necrophage (Crypt:3)
  A water moccasin zombie (Crypt:2)
  A draconian skeleton (Crypt:3)
  3 wights (D:10)
  A spriggan zombie (Crypt:3)
  4 killer bees
  A shapeshifter skeleton (Crypt:3)
  4 electric eels
  8 crimson imps (Pan)
  2 howler monkeys
  4 lava snakes (Volcano)
  31 orc priests
  5 hounds
  11 jellies
  A gnoll bouda (D:9)
  52 starcursed masses
  A boggart zombie (D:10)
  Jessica (D:3)
  Ijyb (D:4)
  21 orc wizards
  2 sleepcaps
  10 iguanas
  12 mummies (Crypt:3)
  7 gnolls
  A river rat (D:3)
  14 adders
  4 shadow imps (D:10)
  A white imp (D:5)
  An adder skeleton (Crypt:3)
  3 worms
  A dart slug (D:1)
  74 orcs
  A bat (D:2)
  An endoplasm (D:1)
  2 giant cockroaches (D:4)
  13 goblins
  9 hobgoblins
  6 jackals
  6 quokkas
  3 training dummies (D:5)
  7 ball pythons
  6 frilled lizards
  5 kobolds
  A kobold zombie (Crypt:2)
  An orc skeleton (Crypt:2)
  24 rats
  3 creeping infernos
  2 lurking horrors
  4 starspawn tentacles
  8 tentacles
3877 creatures vanquished.

Vanquished Creatures (collateral kills)
  2 dread liches (Tar:7)
  A profane servitor (Tar:4)
  A bone dragon (Tar:4)
  A spectral shard shrike (Tar:4)
  The ghost of Rachuaq the Thaumaturge, an adept GnSk of Makhleb (Orc:1)
  5 cacodemons (Pan)
  A spectral juggernaut (Tar:4)
  An ironbound preserver (Vaults:1)
  2 putrid mouths
  The ghost of IAmTheZeppo the Thaumaturge, a journeyman DjEE of Makhleb (Lair:1)
  A hell beast (Pan)
  Erolcha (D:9)
  A boulder beetle (D:10)
  A deep troll (Vaults:4)
  2 orb spiders (Spider:4)
  A wolf spider (Spider:3)
  An ugly thing (D:11)
  A centaur zombie (D:10)
  2 spectral centaurs (Tar:1)
  A merfolk siren (Shoals:3)
  A cane toad (Lair:2)
  2 orange demons (Pan)
  A centaur skeleton (D:10)
  3 meliai (Spider:4)
  A wind drake (Shoals:3)
  3 blink frogs (Lair:1)
  A spectral black mamba (Lair:1)
  A culicivora (Spider:2)
  A shadow (D:10)
  A wyvern (D:8)
  4 yaks
  9 neqoxecs (Pan)
  7 redbacks
  A spectral komodo dragon (Lair:1)
  2 chaos spawn (Pan)
  An acid dragon (D:8)
  2 water moccasins
  2 ice beasts
  An orc warrior (D:8)
  A sky beast (D:7)
  A wolf (Lair:1)
  5 centaurs
  3 kobold brigands
  A scorpion (D:5)
  A small abomination (Gauntlet)
  A wight (D:10)
  4 killer bees
  2 orc priests
  Crazy Yiuf (D:4)
  A sleepcap (D:6)
  7 orc wizards
  22 orcs
  12 kobolds
  8 boulders
142 creatures vanquished.

Vanquished Creatures (others)
  A tentacled monstrosity (Vaults:5)
  2 eldritch tentacles
  A fire giant (Geh:2)
  A very ugly thing (Depths:3)
  A blizzard demon (Pan)
  A dancing weapon (Elf:1)
  4 occultists
  A deep elf zephyrmancer (Elf:1)
  A deep elf pyromancer (Elf:1)
  A large abomination (Pan)
  An unseen horror (D:12)
  A tarantella (Spider:3)
  A culicivora (Spider:4)
  An orc warrior (Orc:2)
  An orc wizard (Orc:1)
  2 orcs
  5 ball lightnings (Pan)
  9 boulders
  2 creeping infernos
  A fire vortex (Geh:7)
  38 starspawn tentacles
  2 tentacles (Shoals:1)
78 creatures vanquished.

Grand Total: 4097 creatures vanquished

Notes
Turn   | Place    | Note
-------+----------+-------------------------------------------
     0 | D:1      | PurpleRed the Djinni Earth Elementalist began the quest for
                  | the Orb.
     0 | D:1      | PurpleRed set off with the following spells memorised:
                  | Sandblast, Passwall, Stone Arrow, Petrify, Brom's
                  | Barrelling Boulder.
     0 | D:1      | Reached XP level 1. HP: 15/15 MP: 0/0
   366 | D:2      | Reached XP level 2. HP: 20/21 MP: 0/0
   972 | D:2      | Reached skill level 1 in Fighting
   972 | D:2      | Reached XP level 3. HP: 24/27 MP: 0/0
   972 | D:2      | Learned a level 1 spell: Foxfire
  1682 | D:3      | Reached XP level 4. HP: 30/33 MP: 0/0
  1722 | D:3      | Found a hide-covered altar of Uskayaw.
  1754 | D:3      | Found a glowing drain.
  1758 | Sewer    | Entered a sewer
  1981 | Sewer    | Reached XP level 5. HP: 30/38 MP: 0/0
  1981 | Sewer    | Learned a level 2 spell: Lesser Beckoning
  2194 | D:3      | Identified a scroll of acquirement
  2201 | D:3      | Noticed Jessica
  2375 | D:4      | Acquired the +1 pair of gloves "Lyhautog" {rElec Int+3}
  2482 | D:4      | Noticed a phantom
  2730 | D:4      | Noticed a lemure
  2730 | D:4      | Noticed a lemure
  2731 | D:4      | Noticed Pikel
  2765 | D:4      | Reached XP level 6. HP: 42/43 MP: 0/0
  2801 | D:4      | Reached skill level 5 in Spellcasting
  2801 | D:4      | Reached skill level 5 in Conjurations
  2801 | D:4      | Reached skill level 5 in Hexes
  2801 | D:4      | Reached skill level 5 in Summonings
  2801 | D:4      | Reached skill level 5 in Necromancy
  2801 | D:4      | Reached skill level 5 in Translocations
  2801 | D:4      | Reached skill level 5 in Transmutations
  2801 | D:4      | Reached skill level 5 in Fire Magic
  2801 | D:4      | Reached skill level 5 in Ice Magic
  2801 | D:4      | Reached skill level 5 in Air Magic
  2801 | D:4      | Reached skill level 5 in Earth Magic
  2801 | D:4      | Reached skill level 5 in Poison Magic
  2854 | D:3      | Noticed a black bear
  2870 | D:3      | Killed a black bear
  2910 | D:3      | Killed Jessica
  2911 | D:3      | Reached XP level 7. HP: 46/49 MP: 0/0
  2911 | D:3      | Learned a level 3 spell: Mephitic Cloud
  3552 | D:4      | Noticed Ijyb
  3580 | D:4      | Killed Ijyb
  3993 | D:4      | Found a runed translucent door.
  3994 | D:4      | Noticed Crazy Yiuf
  4029 | D:4      | Killed Pikel
  4030 | D:4      | Reached XP level 8. HP: 50/56 MP: 0/0
  4490 | D:5      | Entered Level 5 of the Dungeon
  4499 | D:5      | Noticed Menkaure
  4501 | D:5      | Killed Menkaure
  4503 | D:5      | Found Tucomeg's Lightly-Used Armoury.
  4521 | D:5      | Found a staircase to the Ecumenical Temple.
  4528 | Temple   | Entered the Ecumenical Temple
  4549 | Temple   | Became a worshipper of Cheibriados the Contemplative
  4682 | D:5      | Reached XP level 9. HP: 55/60 MP: 0/0
  4682 | D:5      | Learned a level 3 spell: Call Canine Familiar
  5128 | D:5      | Found Xaxzar Odes's Firing Range.
  5304 | D:6      | Reached * piety under Cheibriados
  5778 | D:6      | Reached ** piety under Cheibriados
  6282 | D:7      | Found Ginonuvi's Distillery.
  6392 | D:7      | Bought a potion of heal wounds for 60 gold pieces
  6402 | D:7      | Reached XP level 10. HP: 63/67 MP: 0/0
  6478 | D:7      | Reached skill level 10 in Spellcasting
  6478 | D:7      | Reached skill level 10 in Conjurations
  6478 | D:7      | Reached skill level 10 in Hexes
  6478 | D:7      | Reached skill level 10 in Summonings
  6478 | D:7      | Reached skill level 10 in Necromancy
  6478 | D:7      | Reached skill level 10 in Translocations
  6478 | D:7      | Reached skill level 10 in Transmutations
  6478 | D:7      | Reached skill level 10 in Fire Magic
  6478 | D:7      | Reached skill level 10 in Ice Magic
  6478 | D:7      | Reached skill level 10 in Air Magic
  6478 | D:7      | Reached skill level 10 in Earth Magic
  6478 | D:7      | Reached skill level 10 in Poison Magic
  6680 | D:7      | Reached *** piety under Cheibriados
  6771 | D:7      | Bought a potion of heal wounds for 60 gold pieces
  6771 | D:7      | Bought a potion of curing for 36 gold pieces
  6771 | D:7      | Bought a potion of cancellation for 96 gold pieces
  6771 | D:7      | Bought a potion of brilliance for 48 gold pieces
  6881 | D:4      | Killed Crazy Yiuf
  7166 | D:8      | Noticed a tengu warrior
  7283 | D:8      | Killed a tengu warrior
  7455 | D:8      | Reached **** piety under Cheibriados
  7709 | D:8      | Found a glowing silver altar of Zin.
  8042 | D:9      | Reached skill level 1 in Armour
  8136 | D:9      | Reached XP level 11. HP: 70/74 MP: 0/0
  8136 | D:9      | Learned a level 4 spell: Vhi's Electric Charge
  8174 | D:9      | Reached skill level 5 in Fighting
  8247 | D:9      | Found a shadowy altar of Dithmenos.
  8247 | D:9      | Found an opulent altar of Gozag.
  8247 | D:9      | Found an ornate altar of the Wu Jian Council.
  8262 | D:9      | Noticed Erolcha
  8271 | D:9      | Killed Erolcha
  8282 | D:9      | Found a burning altar of Makhleb.
  8606 | D:9      | Found Wickiuwn's Jewellery Shop.
  8697 | D:10     | Entered Level 10 of the Dungeon
  8751 | D:10     | Found a portal to a secret trove of treasure.
  8794 | D:10     | Noticed a two-headed ogre
  8802 | D:10     | Killed a two-headed ogre
  8827 | D:10     | Reached ***** piety under Cheibriados
  8934 | D:10     | Found a staircase to the Lair.
  8963 | D:10     | Reached skill level 5 in Dodging
  9145 | D:10     | Reached skill level 1 in Long Blades
  9172 | D:10     | Reached skill level 1 in Invocations
  9190 | D:10     | Reached XP level 12. HP: 42/83 MP: 0/0
  9781 | D:11     | Found a staircase to the Orcish Mines.
  9918 | D:11     | Found Hicsenia's Armour Emporium.
 10413 | Lair:1   | Entered Level 1 of the Lair of Beasts
 10429 | Lair:1   | Noticed a boulder beetle
 10500 | D:10     | Killed a boulder beetle
 10599 | Lair:1   | Reached skill level 5 in Invocations
 10697 | Lair:1   | Reached ****** piety under Cheibriados
 10993 | Lair:1   | Reached skill level 5 in Long Blades
 10995 | Lair:1   | Reached XP level 13. HP: 80/87 MP: 0/0
 10995 | Lair:1   | Learned a level 5 spell: Borgnjor's Vile Clutch
 11166 | Lair:1   | Found a runed translucent gate.
 11166 | Lair:1   | Found a runed translucent gate.
 11248 | Lair:1   | Found a runed translucent gate.
 11250 | Lair:1   | Noticed IAmTheZeppo's ghost (journeyman DjEE)
 11528 | Lair:2   | Noticed Nergalle
 11541 | Lair:2   | Killed Nergalle
 11783 | Lair:2   | Found a dark tunnel.
 11788 | Volcano  | Entered a volcano
 12203 | Lair:2   | Noticed a five-headed hydra
 12207 | Lair:2   | Killed a five-headed hydra
 12666 | Lair:3   | You are sucked into a shaft and drop 2 floors!
 12666 | Lair:5   | Entered Level 5 of the Lair of Beasts
 12669 | Lair:5   | Noticed Sonja
 12674 | Lair:5   | Killed Sonja
 12680 | Lair:5   | Reached XP level 14. HP: 78/98 MP: 0/0
 12763 | Lair:5   | Found a gate leading to a gauntlet.
 12774 | Gauntlet | Entered a Gauntlet
 12774 | Gauntlet | Found a transporter.
 12774 | Gauntlet | Found a large runed translucent door.
 12774 | Gauntlet | Found a large runed translucent door.
 12774 | Gauntlet | Found a large runed translucent door.
 12774 | Gauntlet | Found a large runed translucent door.
 12774 | Gauntlet | Found a large runed translucent door.
 12774 | Gauntlet | Found a large runed translucent door.
 12774 | Gauntlet | Found a runed translucent door.
 12774 | Gauntlet | Found a runed translucent door.
 12774 | Gauntlet | Found a large runed translucent door.
 12774 | Gauntlet | Found a large runed translucent door.
 12774 | Gauntlet | Found a large runed translucent door.
 12774 | Gauntlet | Found a large runed translucent door.
 12774 | Gauntlet | Found a large runed translucent door.
 12774 | Gauntlet | Found a large runed translucent door.
 12775 | Gauntlet | Found a large runed translucent door.
 12775 | Gauntlet | Found a large runed translucent door.
 12775 | Gauntlet | Found a large runed translucent door.
 12775 | Gauntlet | Found a large runed translucent door.
 12783 | Gauntlet | Found a transporter.
 12783 | Gauntlet | Found a runed translucent gate.
 12783 | Gauntlet | Found a runed translucent gate.
 12783 | Gauntlet | Found a runed translucent gate.
 12784 | Gauntlet | Found a transporter.
 12796 | Gauntlet | Found the +7 Spriggan's Knife {stab, EV+4 Stlth+}
 12800 | Gauntlet | Found a transporter.
 12811 | Gauntlet | Found a transporter.
 12828 | Gauntlet | Found a transporter.
 12834 | Gauntlet | Found a transporter.
 12838 | Gauntlet | Found a transporter.
 12874 | Gauntlet | Found a transporter.
 12881 | Gauntlet | Found a transporter.
 12883 | Gauntlet | Found a transporter.
 12890 | Gauntlet | Noticed a dire elephant
 12892 | Gauntlet | Found a transporter.
 13067 | Gauntlet | Identified the amulet of Hoikaumn {Acrobat rElec Int+4}
 13122 | Gauntlet | Identified the +5 war axe "Bailear" {heavy, rF+}
 13122 | Gauntlet | Identified the +5 chain mail of Quguced {Str+5 Int+7
                  | Stlth-}
 13122 | Gauntlet | Noticed a minotaur
 13134 | Gauntlet | Killed a minotaur
 13173 | Gauntlet | Identified the +0 hat of the Eternal Fruit {Harm Str+3
                  | SInv}
 13577 | Lair:4   | Found a viscous altar of Jiyva.
 13740 | Lair:4   | Found a staircase to the Slime Pits.
 14677 | Lair:3   | Reached skill level 1 in Short Blades
 14779 | Lair:3   | Found a hole to the Spider Nest.
 15272 | Lair:3   | Found a staircase to the Shoals.
 15605 | Lair:5   | Reached XP level 15. HP: 61/103 MP: 0/0
 15605 | Lair:5   | Learned a level 6 spell: Simulacrum
 17760 | D:13     | Reached skill level 10 in Fighting
 18157 | D:13     | Noticed Maurice
 18169 | D:13     | Killed Maurice
 18187 | D:13     | Found a bloodstained altar of Trog.
 18298 | D:13     | Noticed Azrael
 18312 | D:13     | Killed Azrael
 19219 | D:14     | Noticed Urug
 19219 | D:14     | Noticed Lodul
 19219 | D:14     | Noticed Snorg
 19219 | D:14     | Found a gate to the Vaults.
 19391 | D:14     | Reached skill level 1 in Shields
 19436 | D:14     | Killed Urug
 19486 | D:14     | Killed Lodul
 19506 | D:14     | Killed Snorg
 19752 | D:14     | Reached skill level 10 in Long Blades
 19754 | D:14     | Noticed Agnes
 19767 | D:14     | Killed Agnes
 19775 | D:14     | Reached XP level 16. HP: 61/118 MP: 0/0
 20157 | D:14     | Reached skill level 5 in Armour
 20744 | D:15     | Entered Level 15 of the Dungeon
 21034 | D:15     | Found a glowing silver altar of Zin.
 21188 | D:15     | Found a glowing golden altar of the Shining One.
 21581 | D:15     | Found a staircase to the Depths.
 21675 | Orc:1    | Entered Level 1 of the Orcish Mines
 21935 | Orc:1    | Found a runed translucent gate.
 21936 | Orc:1    | Found a runed translucent gate.
 21969 | Orc:1    | Found a runed translucent gate.
 21970 | Orc:1    | Noticed Rachuaq's ghost (adept GnSk)
 22355 | Orc:2    | Entered Level 2 of the Orcish Mines
 22600 | Orc:2    | Noticed Josephine
 22604 | Orc:2    | Killed Josephine
 22965 | Orc:2    | Found Voiplerut's Distillery.
 22967 | Orc:2    | Found Ocuompeg's General Store.
 23008 | Orc:2    | Reached skill level 5 in Shields
 23056 | Orc:2    | Bought a scroll of teleportation for 48 gold pieces
 23056 | Orc:2    | Bought a scroll of teleportation for 48 gold pieces
 23056 | Orc:2    | Bought a scroll of immolation for 64 gold pieces
 23056 | Orc:2    | Bought a scroll of immolation for 64 gold pieces
 23057 | Orc:2    | Bought a wand of light (5) for 336 gold pieces
 23059 | Orc:2    | Bought a potion of heal wounds for 55 gold pieces
 23059 | Orc:2    | Bought a potion of mutation for 88 gold pieces
 23059 | Orc:2    | Bought a potion of cancellation for 88 gold pieces
 23094 | Orc:2    | Reached XP level 17. HP: 108/130 MP: 0/0
 23094 | Orc:2    | Learned a level 7 spell: Malign Gateway
 23424 | Orc:2    | Found Gadatz's Antique Weapon Shoppe.
 23424 | Orc:2    | Found Moomounk's Book Emporium.
 23424 | Orc:2    | Found a one-way gate leading to the halls of Pandemonium.
 23462 | Orc:2    | Bought 2 potions of invisibility for 176 gold pieces
 23462 | Orc:2    | Bought a potion of invisibility for 88 gold pieces
 23520 | Orc:2    | Found a staircase to the Elven Halls.
 23803 | Elf:1    | Entered Level 1 of the Elven Halls
 24095 | Spider:1 | Entered Level 1 of the Spider Nest
 24702 | Spider:1 | Reached skill level 15 in Fighting
 26071 | Spider:3 | Reached XP level 18. HP: 138/138 MP: 0/0
 26956 | Spider:3 | Found a runed translucent gate.
 26957 | Spider:3 | Found a runed translucent gate.
 26958 | Spider:3 | Found a runed translucent gate.
 26959 | Spider:3 | Noticed Nuqinleag's ghost (adept GrEE)
 27015 | Spider:4 | Entered Level 4 of the Spider Nest
 27028 | Spider:4 | Noticed Mlioglotl
 27181 | Spider:4 | Noticed Arachne
 27199 | Spider:3 | Killed Arachne
 27200 | Spider:3 | Reached skill level 10 in Dodging
 27687 | Spider:4 | Killed Mlioglotl
 27895 | Spider:4 | Reached skill level 10 in Armour
 27895 | Spider:4 | Reached skill level 10 in Shields
 28399 | Spider:4 | Got a gossamer rune of Zot
 28707 | Vaults:1 | Entered Level 1 of the Vaults
 28716 | Vaults:1 | Reached XP level 19. HP: 139/143 MP: 0/0
 28716 | Vaults:1 | Learned a level 7 spell: Ozocubu's Refrigeration
 29097 | Vaults:1 | Found a crumbling gateway.
 29116 | Desolati | Entered the Desolation of Salt
 29416 | Desolati | Reached skill level 10 in Invocations
 29441 | Desolati | Identified the ring of Elaicel {*Slow rPois rC- Str+8}
 29447 | Desolati | Reached skill level 15 in Spellcasting
 29447 | Desolati | Reached skill level 15 in Conjurations
 29447 | Desolati | Reached skill level 15 in Hexes
 29447 | Desolati | Reached skill level 15 in Summonings
 29447 | Desolati | Reached skill level 15 in Necromancy
 29447 | Desolati | Reached skill level 15 in Translocations
 29447 | Desolati | Reached skill level 15 in Transmutations
 29447 | Desolati | Reached skill level 15 in Fire Magic
 29447 | Desolati | Reached skill level 15 in Ice Magic
 29447 | Desolati | Reached skill level 15 in Air Magic
 29447 | Desolati | Reached skill level 15 in Earth Magic
 29447 | Desolati | Reached skill level 15 in Poison Magic
 30917 | Vaults:2 | Noticed a titan
 30928 | Vaults:2 | Reached XP level 20. HP: 109/150 MP: 0/0
 31973 | Vaults:2 | Found a staircase to the Crypt.
 31973 | Vaults:2 | Found a basalt altar of Yredelemnul.
 32037 | Vaults:2 | Noticed Nikola
 32296 | Vaults:3 | Identified the +9 glaive "Husilon" {drain, Will+++}
 32726 | Vaults:3 | You are sucked into a shaft and drop 1 floor!
 33860 | Vaults:4 | Reached XP level 21. HP: 143/157 MP: 0/0
 33860 | Vaults:4 | Learned a level 7 spell: Enfeeble
 34183 | Vaults:4 | Found a runed translucent gate.
 34183 | Vaults:4 | Found a runed translucent gate.
 34183 | Vaults:4 | Found an opulent altar of Gozag.
 34184 | Vaults:4 | Found a runed translucent gate.
 34184 | Vaults:4 | Noticed Marixus's ghost (adept HOFi)
 34266 | Vaults:4 | Found a runed translucent door.
 35444 | Vaults:3 | Found Varumam's Antique Weapon Shop.
 35452 | Vaults:3 | Bought a glowing scimitar for 280 gold pieces
 36012 | Elf:1    | Found a runed translucent gate.
 36013 | Elf:1    | Found a runed translucent gate.
 36015 | Elf:1    | Found a runed translucent gate.
 36015 | Elf:1    | Noticed Punakon's ghost (adept DrBe)
 36163 | Elf:1    | Got the Incunabulum of Companions
 36284 | Elf:1    | Identified the staff "Killer Klown's Peril" {+Blink rC+
                  | Int+3 Ice}
 36750 | Elf:2    | Paralysed by an air elemental for 1 turns
 36861 | Elf:2    | Found Equhuvie's Jewellery Shoppe.
 36908 | Elf:1    | Noticed Norris
 36912 | Elf:1    | Killed Norris
 37108 | Elf:2    | Found a runed translucent gate.
 37108 | Elf:2    | Found a runed translucent gate.
 37108 | Elf:2    | Found a runed translucent gate.
 37359 | Elf:3    | Entered Level 3 of the Elven Halls
 37601 | Elf:3    | Noticed Asterion
 37606 | Elf:3    | Killed Asterion
 37877 | Elf:3    | Reached XP level 22. HP: 141/165 MP: 0/0
 38049 | Elf:3    | Found Noazuorph's Needful Niceties.
 38254 | Elf:3    | Identified the +1 glaive "Wuoteleth" {vamp, rF++ rC+ rCorr}
 38254 | Elf:3    | Identified the ring of Lugonu's Hatred {rCorr Stlth+}
 38370 | Elf:3    | Identified the +9 scale mail of Submission {Drain Will+
                  | Int+3}
 38550 | Elf:3    | Identified the +7 shortbow of Courage {drain, Fly rN+
                  | Will+}
 38550 | Elf:3    | Identified the +8 sling of Discomfort {speed, rC+ Str+3}
 38708 | Elf:3    | Identified the ring "Fiurghixi" {rC+ Will+ Dex+6}
 38987 | Elf:3    | Identified the +5 falchion of a treasure trove {spect,
                  | Stlth+}
 39136 | Elf:3    | Got the Enchiridion on the Cloudy Quake
 39150 | Elf:3    | Got the Compilation of Impure Metamorphosis
 39155 | Elf:3    | Identified the +0 chain mail of Dithmenos's Respect {rPois
                  | Regen+ Int+7 Dex-3}
 39184 | Elf:3    | Identified the +0 ring mail of the Assorted Teeth {Regen+
                  | Str+3 Int-4}
 39186 | Elf:3    | Identified the +3 short sword "Sytics" {spect, rPois}
 39840 | Shoals:1 | Entered Level 1 of the Shoals
 40548 | Shoals:1 | Found Luonafix's Antique Weapon Shop.
 40557 | Shoals:1 | Found Luvvon Yzo's Gadget Gallery.
 40575 | Shoals:1 | Bought a wand of digging (4) for 184 gold pieces
 40580 | Shoals:1 | Bought a dazzling great sword for 391 gold pieces
 40580 | Shoals:1 | Identified the +5 great sword "Onyt" {heavy, rF++} (You
                  | bought it in a shop on level 1 of the Shoals)
 40875 | Shoals:2 | Noticed Polyphemus
 41132 | Shoals:2 | Noticed Donald
 41134 | Shoals:2 | Killed Donald
 41141 | Shoals:2 | Killed Polyphemus
 41144 | Shoals:2 | Noticed Louise
 41149 | Shoals:2 | Killed Louise
 41250 | Shoals:2 | Noticed Frances
 41254 | Shoals:2 | Killed Frances
 41331 | Shoals:2 | Found a runed translucent door.
 41333 | Shoals:2 | Noticed arghonaut's ghost (adept DrBe)
 41334 | Shoals:2 | Found a shimmering altar of Xom.
 41334 | Shoals:2 | Identified the +5 war axe "Lifebane" {chaos, rF+ Str+6
                  | Int+2}
 42461 | Shoals:3 | Reached XP level 23. HP: 158/172 MP: 0/0
 42461 | Shoals:3 | Learned a level 7 spell: Spellforged Servitor
 42471 | Shoals:3 | Acquired a manual of Armour
 42490 | Shoals:3 | Found Duzihim's Island Escapes.
 42499 | Shoals:3 | Bought a scroll of teleportation for 51 gold pieces
 42499 | Shoals:3 | Bought a scroll of blinking for 127 gold pieces
 42499 | Shoals:3 | Bought 2 potions of invisibility for 272 gold pieces
 42499 | Shoals:3 | Bought a potion of invisibility for 136 gold pieces
 42499 | Shoals:3 | Bought a potion of invisibility for 136 gold pieces
 42800 | Shoals:3 | Noticed Ilsuiw
 42805 | Shoals:3 | Killed Ilsuiw
 43155 | Shoals:4 | Entered Level 4 of the Shoals
 43155 | Shoals:4 | Found a stormy altar of Qazlal.
 43396 | Shoals:4 | Identified the amulet "Vengit" {Spirit rC- Str+3 Dex+4}
 43492 | Shoals:4 | Identified the +0 scale mail "Car Ylum" {Str+2}
 43759 | Shoals:4 | Got a barnacled rune of Zot
 43914 | Shoals:4 | Paralysed by an air elemental for 1 turns
 44426 | Slime:1  | Entered Level 1 of the Pits of Slime
 44803 | Slime:1  | Found a viscous altar of Jiyva.
 44825 | Slime:3  | Gained mutation: Armour fits poorly on your strangely
                  | shaped body. [a shining eye]
 45670 | Slime:5  | Entered Level 5 of the Pits of Slime
 45958 | Slime:5  | Reached skill level 15 in Armour
 46241 | Slime:5  | Reached XP level 24. HP: 76/181 MP: 0/0
 46708 | Slime:5  | Noticed the Royal Jelly
 46721 | Slime:5  | Killed the Royal Jelly
 47162 | Slime:5  | Gained mutation: You are dopey. (Int -2) [a shining eye]
 47330 | Slime:5  | Reached skill level 15 in Invocations
 47429 | Slime:5  | Identified the +6 short sword "Holus" {venom, Int+4}
 47432 | Slime:5  | Identified the ring of the Leaf {Ice rN+ Slay+2}
 47434 | Slime:5  | Got Raiziom's Secrets of Undead Ignition
 47450 | Slime:5  | Identified the ring "Litukhyxu" {rC+ rN++}
 47473 | Slime:5  | Identified the ring "Tosaq" {rC+ AC+4 Str+3 Stlth-}
 47487 | Slime:5  | Identified the ring of Pantheism {rElec rC+ Str+3 Int+3}
 47488 | Slime:5  | Identified the +2 ring mail of the Snake Pit {-Cast Harm
                  | rN+++ Dex-3}
 47503 | Slime:5  | Got a slimy rune of Zot
 47924 | Lair:1   | Killed IAmTheZeppo's ghost
 48100 | Orc:1    | Killed Rachuaq's ghost
 48355 | D:15     | Lost mutation: Armour fits poorly on your strangely shaped
                  | body. [potion of mutation]
 48355 | D:15     | Lost mutation: You are dopey. (Int -2) [potion of mutation]
 48355 | D:15     | Gained mutation: You have a somewhat thin skeletal
                  | structure. (Dex +2, Stealth+) [potion of mutation]
 48355 | D:15     | Gained mutation: You are weak. (Str -2) [potion of
                  | mutation]
 48358 | Depths:1 | Entered Level 1 of the Depths
 48373 | Depths:1 | Noticed a caustic shrike
 48381 | Depths:1 | Killed a caustic shrike
 48990 | Depths:1 | Found a gateway to Hell.
 49114 | Depths:1 | Reached skill level 15 in Dodging
 49199 | Depths:1 | Found a blossoming altar of Fedhas.
 49488 | Depths:1 | Found Ciezedeu's Magic Scroll Emporium.
 49491 | Depths:1 | Bought a scroll of teleportation for 60 gold pieces
 49491 | Depths:1 | Bought a scroll of immolation for 80 gold pieces
 49491 | Depths:1 | Bought a scroll of immolation for 80 gold pieces
 50262 | Depths:2 | Found a one-way gate to the infinite horrors of the Abyss.
 50346 | Depths:2 | Found a one-way gateway to a ziggurat.
 50365 | Depths:2 | Reached XP level 25. HP: 182/187 MP: 0/0
 50365 | Depths:2 | Learned a level 9 spell: Death's Door
 51179 | Depths:3 | Noticed a caustic shrike
 51181 | Depths:3 | Noticed Dameikh's ghost (veteran FoFi)
 51184 | Depths:3 | Found a runed translucent gate.
 51184 | Depths:3 | Found a runed translucent gate.
 51187 | Depths:3 | Found a runed translucent gate.
 51498 | Depths:3 | Found Pokhlid's Book Shoppe.
 51498 | Depths:3 | Found Xuwa Ige's Jewellery Shop.
 51499 | Depths:3 | Found Hanair's Jewellery Shop.
 51578 | Depths:3 | Noticed Xtahua
 51589 | Depths:3 | Killed Xtahua
 52263 | Depths:4 | Entered Level 4 of the Depths
 52479 | Depths:4 | Noticed a caustic shrike
 52481 | Depths:4 | Noticed a caustic shrike
 52482 | Depths:4 | Noticed Xingyg's ghost (veteran GrVM)
 52489 | Depths:4 | Found a transporter.
 53096 | Depths:4 | Noticed a caustic shrike
 53098 | Depths:4 | Noticed a caustic shrike
 53100 | Depths:4 | Noticed a caustic shrike
 53102 | Depths:4 | Noticed a caustic shrike
 53106 | Depths:4 | Killed a caustic shrike
 53107 | Depths:4 | Killed a caustic shrike
 53108 | Depths:4 | Killed a caustic shrike
 53111 | Depths:4 | Killed a caustic shrike
 53407 | Depths:4 | Noticed a juggernaut
 53416 | Depths:4 | Killed a juggernaut
 53596 | Depths:4 | Reached skill level 15 in Long Blades
 53663 | Depths:4 | Found a gate to the Realm of Zot.
 54237 | Vaults:2 | Killed Nikola
 54440 | Vaults:2 | Reached XP level 26. HP: 158/197 MP: 0/0
 54646 | Vaults:5 | Entered Level 5 of the Vaults
 54883 | Vaults:5 | Noticed Sojobo
 54896 | Vaults:5 | Killed Sojobo
 55210 | Vaults:5 | Noticed a dread lich
 55332 | Vaults:4 | Killed a dread lich
 55491 | Vaults:5 | Noticed an ancient lich
 55674 | Vaults:4 | Killed an ancient lich
 56065 | Vaults:5 | Identified the +2 morningstar "Runippel" {heavy, Drain
                  | Str+6}
 56379 | Vaults:5 | Identified the +9 halberd of the Grinning Saviour {distort,
                  | rC+}
 56545 | Vaults:5 | Got a silver rune of Zot
 56690 | Vaults:5 | Identified the +11 dagger "Gausap" {pain, rElec rN++ Int-3
                  | SInv}
 56713 | Vaults:5 | Reached XP level 27. HP: 181/205 MP: 0/0
 56713 | Vaults:5 | Learned a level 9 spell: Chain Lightning
 57055 | Vaults:5 | Noticed an ancient lich
 57057 | Vaults:5 | Killed an ancient lich
 57358 | Vaults:5 | Identified the staff "Ugyem" {rPois Int+2 SInv Earth}
 57470 | Vaults:5 | Noticed an ancient lich
 57476 | Vaults:5 | Killed an ancient lich
 57666 | Vaults:5 | Identified the +0 ring mail "Tysocs" {rPois Will+++ rCorr
                  | Str-2}
 58008 | Depths:3 | Bought the ring "Roloin" {rElec rPois rN+ Str+2 Int+6} for
                  | 1064 gold pieces
 58227 | Crypt:1  | Entered Level 1 of the Crypt
 58747 | Crypt:1  | You are sucked into a shaft and drop 1 floor!
 58880 | Crypt:2  | Found a transporter.
 58884 | Crypt:2  | Found a transporter.
 59880 | Crypt:3  | Entered Level 3 of the Crypt
 60006 | Crypt:3  | Found a magical portal.
 60053 | Crypt:3  | Noticed Ohee's ghost (veteran KoDe)
 60072 | WizLab   | Entered Lehudib's Moon Base
 60278 | WizLab   | Paralysed by accursed screaming for 1 turns
 61088 | WizLab   | Found a transporter.
 61176 | WizLab   | Found a transporter.
 61420 | WizLab   | Identified the ring of Hoij {rCorr Stlth+}
 62155 | Crypt:3  | Found a transporter.
 62157 | Crypt:3  | Identified the +1 ring mail "Naer Gin" {Rampage rElec
                  | Regen+ Str+2}
 62175 | Crypt:3  | Found a transporter.
 62655 | Crypt:3  | Found a staircase to the Tomb.
 62831 | Crypt:3  | Found a basalt altar of Yredelemnul.
 62924 | Crypt:3  | Identified the +0 pair of gloves of Ucviow {Harm Str-5
                  | Int+3}
 62926 | Crypt:3  | Got Wiywiupn's Discursus on Sinister Mysteries
 63137 | Crypt:3  | Killed Ohee's ghost
 63166 | Crypt:3  | Identified the ring of Jiubef {rC+ EV+5}
 63651 | Zot:1    | Entered Level 1 of the Realm of Zot
 63729 | Zot:1    | Identified the +0 scale mail "Lolack" {Rampage rC+}
 64362 | Zot:1    | Found an opulent altar of Gozag.
 64415 | Zot:1    | Found an opulent altar of Gozag.
 64472 | Zot:1    | Found an opulent altar of Gozag.
 64960 | Zot:2    | Noticed a Killer Klown
 65292 | Zot:2    | Killed a Killer Klown
 65735 | Zot:2    | Found a transporter.
 65748 | Zot:2    | Identified the +2 cloak of Divine Compulsion {rC+ Dex+4}
 65749 | Zot:2    | Found a bloodstained altar of Trog.
 65749 | Zot:2    | Noticed reasonance's ghost (legendary DsFi)
 65749 | Zot:2    | Identified the amulet of Suspected Treachery {RegenMP Harm
                  | +Inv}
 65749 | Zot:2    | Identified the ring of the Screaming Hero {rF+ Str+4}
 65770 | Zot:2    | Found a transporter.
 65774 | Zot:2    | Identified the +4 cloak of Emmanuon {*Slow rN++ Slay+5}
 66139 | Zot:2    | Killed reasonance's ghost
 66364 | Zot:2    | Identified the +4 scale mail of Bad Feelings {rPois Str+3}
 66470 | Zot:3    | Noticed Vv
 66684 | Zot:3    | Killed Vv
 67011 | Zot:3    | Noticed a Killer Klown
 67017 | Zot:3    | Killed a Killer Klown
 67531 | Zot:3    | Found the +4 dragonskin cloak
 67531 | Zot:3    | Noticed Tiamat
 68293 | Zot:3    | Killed Tiamat
 70164 | Zot:5    | Entered Level 5 of the Realm of Zot
 70479 | Zot:5    | Noticed an orb of fire
 70488 | Zot:5    | Gained mutation: Armour fits poorly on your strangely
                  | shaped body. [an orb of fire]
 70489 | Zot:5    | Killed an orb of fire
 70585 | Zot:5    | Noticed a Killer Klown
 70586 | Zot:5    | Noticed an ancient lich
 70587 | Zot:5    | Noticed a Killer Klown
 70589 | Zot:5    | Noticed a Killer Klown
 70596 | Zot:5    | Killed a Killer Klown
 70596 | Zot:5    | Killed a Killer Klown
 70597 | Zot:5    | Killed a Killer Klown
 70598 | Zot:5    | Noticed a Killer Klown
 70599 | Zot:5    | Noticed an orb of fire
 70602 | Zot:5    | Noticed a Killer Klown
 70602 | Zot:5    | Noticed an ancient lich
 70604 | Zot:5    | Killed an ancient lich
 70604 | Zot:5    | Killed a Killer Klown
 70605 | Zot:5    | Reached skill level 27 in Spellcasting
 70605 | Zot:5    | Killed an ancient lich
 70606 | Zot:5    | Killed an orb of fire
 70607 | Zot:5    | Killed a Killer Klown
 70607 | Zot:5    | Noticed an orb of fire
 70618 | Zot:5    | Killed an orb of fire
 70889 | Zot:5    | Noticed a Killer Klown
 70895 | Zot:5    | a Killer Klown changed into a rockslime
 71134 | Zot:5    | Noticed an orb of fire
 71137 | Zot:5    | Killed an orb of fire
 71448 | Zot:5    | Noticed an ancient lich
 71454 | Zot:5    | Killed an ancient lich
 72350 | Depths:3 | Voluntarily entered the Abyss.
 72771 | Abyss:2  | Found a corrupted altar of Lugonu.
 72772 | Abyss:2  | Found a corrupted altar of Lugonu.
 72772 | Abyss:2  | Found a corrupted altar of Lugonu.
 73014 | Abyss:3  | Noticed a dread lich
 73021 | Abyss:3  | Killed a dread lich
 73086 | Abyss:3  | Found a glowing golden altar of the Shining One.
 73113 | Abyss:3  | Got an abyssal rune of Zot
 73254 | Abyss:3  | Found a glowing golden altar of the Shining One.
 73265 | Depths:3 | Escaped the Abyss
 73466 | Zig:1    | Entered Level 1 of a ziggurat
 73485 | Zig:1    | Identified the +3 dire flail "Paemeg" {flame, rElec rPois
                  | rC- Str+3}
 73490 | Zig:2    | Entered Level 2 of a ziggurat
 73513 | Zig:3    | Entered Level 3 of a ziggurat
 73538 | Zig:4    | Entered Level 4 of a ziggurat
 73540 | Zig:4    | Found the +3 giant club "Skullcrusher" {speed, Str+7}
 73560 | Zig:5    | Entered Level 5 of a ziggurat
 73590 | Zig:6    | Entered Level 6 of a ziggurat
 73600 | Zig:6    | Reached skill level 1 in Evocations
 73625 | Zig:6    | Got the Spellbook of the Panacea and the Lungs
 73632 | Zig:7    | Entered Level 7 of a ziggurat
 73672 | Zig:8    | Entered Level 8 of a ziggurat
 73678 | Zig:8    | Noticed a shard shrike
 73679 | Zig:8    | Killed a shard shrike
 73682 | Zig:8    | Found the +8 Wrath of Trog {antimagic, *Rage Rampage}
 73697 | Zig:8    | Identified the +0 long sword of Resumed Hostilities {speed,
                  | Int+3}
 73708 | Zig:9    | Entered Level 9 of a ziggurat
 73767 | Zig:9    | Reached skill level 15 in Shields
 73781 | Zig:9    | Got the Octavo of Cold and Coordinates
 73785 | Zig:9    | Identified the +2 plate armour of Intense Music {rN++}
 73786 | Zig:9    | Identified the +1 pair of gloves "Qouriurr" {-Cast rCorr
                  | Dex+3}
 73801 | Zig:10   | Entered Level 10 of a ziggurat
 73841 | Zig:10   | Got the Monograph on Cadavers
 73871 | Zig:11   | Entered Level 11 of a ziggurat
 73886 | Zig:11   | Reached skill level 5 in Evocations
 74165 | Zig:12   | Entered Level 12 of a ziggurat
 74213 | Zig:12   | Identified the ring of the Past {rN+ Int+2}
 74216 | Zig:13   | Entered Level 13 of a ziggurat
 74385 | Zig:13   | Identified the amulet of Facext {Reflect rC+ rCorr Str-2
                  | Int+4 SH+5}
 74395 | Zig:13   | Identified the ring of the Wary Eyes {Str+7 Int+2 SInv}
 74406 | Zig:14   | Entered Level 14 of a ziggurat
 74444 | Zig:14   | Identified the +1 tower shield of Mivvuagh {*Corrode MP+9
                  | Dex+4}
 74466 | Zig:14   | Identified the +5 trident "Killer Klown's Doom" {heavy,
                  | Will+ Str+3 Dex-4}
 74481 | Zig:14   | Identified the staff of Division {rPois rC+ MP+9 Str-2
                  | Int+3 Dex+3 Poison}
 74487 | Zig:14   | Identified the +0 ring mail of the Merchant {Regen+ rCorr
                  | Stlth+}
 74565 | Zig:15   | Entered Level 15 of a ziggurat
 74690 | Zig:15   | Identified the +5 shortbow of Sequestration {heavy, *Slow
                  | rN++ Int+4}
 74691 | Zig:15   | Identified the +9 longbow of Womavun {freeze, rPois rC+
                  | Str-4}
 74706 | Zig:16   | Entered Level 16 of a ziggurat
 74739 | Zig:16   | Identified the staff of Cocytus {rElec rPois rF+ rN+ Str+3
                  | Stlth+ Air}
 74786 | Zig:16   | Identified the ring of Merphu {Fly SInv}
 74804 | Zig:17   | Entered Level 17 of a ziggurat
 74807 | Zig:17   | Noticed Assir the pandemonium lord
 74808 | Zig:17   | Noticed Ogryq the pandemonium lord
 74813 | Zig:17   | Noticed a Killer Klown
 74813 | Zig:17   | Noticed Piodemoo the pandemonium lord
 74813 | Zig:17   | Noticed a Killer Klown
 74813 | Zig:17   | Noticed a Killer Klown
 74814 | Zig:17   | Noticed Dafaen the pandemonium lord
 74817 | Zig:17   | Noticed Qiwaupso the pandemonium lord
 74821 | Depths:2 | Killed Dafaen the pandemonium lord
 74975 | Pan      | Entered Pandemonium
 74994 | Pan      | Noticed Sitrid the pandemonium lord
 75191 | Pan      | Killed Sitrid the pandemonium lord
 75995 | Pan      | Noticed Mennas
 75998 | Pan      | Killed Mennas
 76083 | Pan      | Reached skill level 10 in Evocations
 76301 | Pan      | Gained mutation: You are frail. (-10% HP) [a neqoxec]
 76349 | Pan      | Noticed Quepnes the pandemonium lord
 76426 | Pan      | Lost mutation: You are weak. (Str -2) [potion of mutation]
 76426 | Pan      | Lost mutation: You are frail. (-10% HP) [potion of
                  | mutation]
 76426 | Pan      | Gained mutation: You are dopey. (Int -2) [potion of
                  | mutation]
 76427 | Pan      | Lost mutation: You are dopey. (Int -2) [potion of mutation]
 76427 | Pan      | Lost mutation: You have a somewhat thin skeletal structure.
                  | (Dex +2, Stealth+) [potion of mutation]
 76427 | Pan      | Lost mutation: Armour fits poorly on your strangely shaped
                  | body. [potion of mutation]
 76427 | Pan      | Gained mutation: You have hidden genetic defects. [potion
                  | of mutation]
 76427 | Pan      | Gained mutation: You are strong-willed. (Will+) [potion of
                  | mutation]
 76427 | Pan      | Gained mutation: Your spells are a little harder to cast,
                  | but a little more powerful. [potion of mutation]
 76467 | Pan      | Killed Quepnes the pandemonium lord
 76560 | Pan      | Found a runed translucent door.
 76587 | Pan      | Got a demonic rune of Zot
 76690 | Pan      | Noticed Buarr the pandemonium lord
 76693 | Pan      | Killed Buarr the pandemonium lord
 76721 | Pan      | Gained mutation: You occasionally lose the ability to read
                  | scrolls when taking damage. [hidden defects]
 76793 | Pan      | Entered the realm of Gloorx Vloq.
 77014 | Pan      | Found an exit through the horrors of the Abyss.
 77192 | Pan      | Noticed Gloorx Vloq
 77197 | Pan      | Killed Gloorx Vloq
 77205 | Pan      | Gained mutation: Your body sometimes deteriorates upon
                  | taking damage. [hidden defects]
 77205 | Pan      | Lost mutation: You have hidden genetic defects. [hidden
                  | defects expressed]
 77214 | Pan      | Got a dark rune of Zot
 77759 | Pan      | Noticed Hoos the pandemonium lord
 77763 | Pan      | Killed Hoos the pandemonium lord
 77885 | Pan      | Entered the realm of Cerebov.
 78279 | Pan      | Identified the +3 trident "Negigon" {antimagic, Fly}
 78282 | Pan      | Identified the amulet "Igris" {RegenMP Rampage Regen+}
 78284 | Pan      | Identified the +2 morningstar "Beaboy" {flame, Fragile
                  | Int+2 Stlth+}
 78285 | Pan      | Identified the +10 glaive "Lufreol" {flame, *Slow Str+8
                  | Int-2 SInv}
 78669 | Pan      | Identified the +5 scale mail of Least Resistance {+Blink
                  | rF+ rC+ Stlth+}
 78759 | Pan      | Identified the +5 quarterstaff of the Owl {venom, Dex+3}
 78764 | Pan      | Identified the +10 arbalest of Mastery {flame, rF+ rCorr
                  | Stlth+}
 78843 | Pan      | Reached skill level 27 in Poison Magic
 78878 | Pan      | Identified the +5 scale mail of Ataum {Will+}
 78969 | Pan      | Found the +6 sword of Cerebov {flame}
 78969 | Pan      | Noticed Cerebov
 78975 | Pan      | Identified the ring "Cuomu" {Fly rN+ Str-3 Int+9 Dex+2}
 78977 | Pan      | Killed Cerebov
 79081 | Pan      | Identified the ring "Ziull" {Fly Str+3 Int+3}
 79116 | Pan      | Got a fiery rune of Zot
 79339 | Pan      | Entered the realm of Mnoleg.
 79429 | Pan      | Gained mutation: You are frail. (-10% HP) [a neqoxec]
 79487 | Pan      | Noticed Mnoleg
 79496 | Pan      | Killed Mnoleg
 79511 | Pan      | Gained mutation: You are occasionally teleported next to
                  | monsters. [a cacodemon]
 79567 | Pan      | Got a glowing rune of Zot
 79616 | Pan      | Found an exit through the horrors of the Abyss.
 79649 | Pan      | Noticed Niumeqo the pandemonium lord
 79653 | Pan      | Killed Niumeqo the pandemonium lord
 79837 | Pan      | Lost mutation: You occasionally lose the ability to read
                  | scrolls when taking damage. [potion of mutation]
 79837 | Pan      | Lost mutation: Your spells are a little harder to cast, but
                  | a little more powerful. [potion of mutation]
 79837 | Pan      | Gained mutation: You have a somewhat thin skeletal
                  | structure. (Dex +2, Stealth+) [potion of mutation]
 79837 | Pan      | Lost mutation: You are frail. (-10% HP) [potion of
                  | mutation]
 79838 | Pan      | Lost mutation: Your body sometimes deteriorates upon taking
                  | damage. [potion of mutation]
 79838 | Pan      | Lost mutation: You are occasionally teleported next to
                  | monsters. [potion of mutation]
 79838 | Pan      | Lost mutation: You have a somewhat thin skeletal structure.
                  | (Dex +2, Stealth+) [potion of mutation]
 79838 | Pan      | Gained mutation: Your mind is acute. (Int +4, Str/Dex -1)
                  | [potion of mutation]
 79838 | Pan      | Gained mutation: You have a pair of small horns on your
                  | head. [potion of mutation]
 79839 | Pan      | Lost mutation: You have a pair of small horns on your head.
                  | [potion of mutation]
 79839 | Pan      | Lost mutation: Your mind is acute. (Int +4, Str/Dex -1)
                  | [potion of mutation]
 79839 | Pan      | Lost mutation: You are strong-willed. (Will+) [potion of
                  | mutation]
 79839 | Pan      | Gained mutation: You are partially covered in large bone
                  | plates. (SH +4) [potion of mutation]
 80064 | Pan      | Noticed Omnyjuot the pandemonium lord
 80067 | Pan      | Killed Omnyjuot the pandemonium lord
 80175 | Pan      | Entered the realm of Lom Lobon.
 80175 | Pan      | Noticed Lom Lobon
 80188 | Pan      | Killed Lom Lobon
 80858 | Pan      | Got a magical rune of Zot
 81195 | Pan      | Found an exit through the horrors of the Abyss.
 81410 | Pan      | Took an exit into the Abyss.
 81410 | Abyss:3  | Escaped into the Abyss
 81411 | Abyss:3  | Found a corrupted altar of Lugonu.
 81430 | Abyss:3  | Reached skill level 27 in Conjurations
 81430 | Abyss:3  | Reached skill level 27 in Hexes
 81430 | Abyss:3  | Reached skill level 27 in Summonings
 81430 | Abyss:3  | Reached skill level 27 in Necromancy
 81430 | Abyss:3  | Reached skill level 27 in Translocations
 81430 | Abyss:3  | Reached skill level 27 in Transmutations
 81430 | Abyss:3  | Reached skill level 27 in Fire Magic
 81430 | Abyss:3  | Reached skill level 27 in Ice Magic
 81430 | Abyss:3  | Reached skill level 27 in Air Magic
 81430 | Abyss:3  | Reached skill level 27 in Earth Magic
 81482 | Abyss:4  | Found a corrupted altar of Lugonu.
 81482 | Abyss:4  | Noticed a juggernaut
 81486 | Depths:2 | Escaped the Abyss
 81529 | Hell     | Entered the Vestibule of Hell
 81530 | Hell     | Noticed Geryon
 81534 | Hell     | Killed Geryon
 81643 | Hell     | Reached skill level 5 in Stealth
 81837 | Hell     | Found a gateway to the Iron City of Dis.
 81930 | Hell     | Found a gateway to the ashen valley of Gehenna.
 81973 | Hell     | Found a gateway to the decaying netherworld of Tartarus.
 82036 | Hell     | Found a gateway to the freezing wastes of Cocytus.
 82084 | Tar:1    | Entered Level 1 of Tartarus
 82680 | Tar:3    | Reached skill level 27 in Fighting
 83099 | Tar:6    | Noticed an ancient lich
 83102 | Tar:6    | Killed an ancient lich
 83139 | Tar:7    | Entered Level 7 of Tartarus
 83290 | Tar:7    | Noticed a dread lich
 83293 | Tar:7    | Killed a dread lich
 83390 | Tar:7    | Identified the +9 battleaxe "Ylops" {speed, Str+5}
 83425 | Tar:7    | Identified the staff of Carved Valiance {Dex+4 Conj}
 83538 | Tar:7    | Noticed a dread lich
 83543 | Tar:7    | Paralysed by a dread lich for 3 turns
 83546 | Tar:7    | Killed a dread lich
 83818 | Tar:7    | Noticed a dread lich
 83823 | Tar:7    | Killed a dread lich
 83844 | Tar:7    | Noticed Ereshkigal
 83932 | Tar:7    | Killed Ereshkigal
 83960 | Tar:7    | Got a bone rune of Zot
 84211 | Tar:7    | Identified the +5 long sword "Muquseix" {holy, Will++
                  | Dex+3}
 84243 | Tar:7    | Identified the staff "Oqacull" {rF+ rN+ rCorr Int+3 Fire}
 84375 | Tar:7    | Reached skill level 10 in Stealth
 84532 | Tar:7    | Identified the +1 flail "Wusihiki" {venom, *Rage rC+ rN+
                  | Stlth+}
 84646 | Tar:7    | Got the Grimoire of the Spider and Conjuring
 84648 | Tar:7    | Identified the +5 whip "Cunim" {heavy, Str+2 Int+2 Dex-5}
 84756 | Dis:1    | Entered Level 1 of the Iron City of Dis
 85665 | Dis:5    | Noticed an ancient lich
 85670 | Dis:5    | Killed an ancient lich
 85789 | Dis:1    | Noticed a dread lich
 85791 | Dis:1    | Killed a dread lich
 86171 | Depths:3 | Voluntarily entered the Abyss.
 86454 | Depths:3 | Escaped the Abyss
 86529 | Depths:3 | Voluntarily entered the Abyss.
 86770 | Depths:3 | Escaped the Abyss
 86806 | Depths:3 | Voluntarily entered the Abyss.
 86835 | Abyss:5  | Found a corrupted altar of Lugonu.
 86941 | Depths:3 | Escaped the Abyss
 87404 | Depths:2 | Voluntarily entered the Abyss.
 87716 | Abyss:5  | Reached skill level 15 in Stealth
 87808 | Depths:2 | Escaped the Abyss
 87996 | Depths:2 | Voluntarily entered the Abyss.
 87996 | Abyss:5  | Found a corrupted altar of Lugonu.
 88018 | Abyss:5  | Found a corrupted altar of Lugonu.
 88436 | Depths:2 | Escaped the Abyss
 88564 | Geh:1    | Entered Level 1 of Gehenna
 89077 | Geh:4    | You are sucked into a shaft and drop 1 floor!
 89589 | Geh:7    | Entered Level 7 of Gehenna
 90288 | Geh:7    | Identified the staff of Loir {rElec rPois Int+5 Air}
 90304 | Geh:7    | Identified the +1 leather armour "Wasab" {Rampage rN+}
 90313 | Geh:7    | Identified the staff of the Demagogue {rF++ rC+++ rN+ Dex-4
                  | Necro}
 90645 | Geh:7    | Found the +13 sceptre of Asmodeus
 90645 | Geh:7    | Noticed Asmodeus
 90663 | Geh:7    | Killed Asmodeus
 90687 | Geh:7    | Got an obsidian rune of Zot
 91026 | Zot:5    | Got the Orb of Zot
 91591 | D:$      | Escaped with the Orb!

Illustrated notes

Levels and vault maps discovered:
D:1:      kilobyte_arrival_exit_the_forest, layout_basic
D:2:      layout_loops_cross, hangedman_decor_growths,
          dreamdust_princess_corridor, corexii_shack, uniq_robin
D:3:      layout_basic, mainiacjoe_overflow_cross_hatched, gup_sewer_entry_bowl,
          uniq_jessica
D:4:      minmay_door_path, layout_basic, minmay_rat_hole, uniq_ijyb,
          uniq_crazy_yiuf_cottage, uniq_pikel
D:5:      layout_gridville, minmay_temple_entry_overgrown, minmay_shop_damaged,
          st_stairs_4, nicolae_shop_firing_range, uniq_menkaure
D:6:      layout_loops_ring, kennysheep_generic_room_3
D:7:      minmay_spotlight, layout_rooms, serial_shops, shop
D:8:      layout_basic, old_standard_altar, minmay_chambers_of_fives
D:9:      layout_small_grid, chequers_temple_overflow_statue_of_worship,
          mainiacjoe_overflow_six_doors_small, minmay_shop_enchanted_jewellery,
          uniq_erolcha
D:10:     cheibrodos_grave_circle, layout_basic, lair_entry_dummy, enter_trove_1
D:11:     layout_gridville, orc_david_3
D:12:     layout_basic
D:13:     layout_loops_ring, tgw_trog, uniq_maurice, uniq_azrael
D:14:     layout_stronghold, david_vaults_3, serial_column_ruins,
          column_ruins_hut, column_ruins_columns_corner,
          column_ruins_open_small, column_ruins_open_small,
          column_ruins_open_small_water, column_ruins_open_medium,
          reono_crystal_passage, small_chamber_with_monster, grunt_ministairs_1,
          uniq_agnes, uniq_snorg
D:15:     hangedman_depths_entry_try_elsewhere_first, layout_gridville,
          nicolae_tso_carved_into_rock, zin_academy
Temple:   nicolae_temple_superstar
Lair:1:   layout_regular_city, gammafunk_ghost_necromancy, minivault_19,
          chequers_serial_rivers_micro_a, wad_woods_03, lemuel_fruit_fields,
          infiniplex_staircase_pool
Lair:2:   layout_regular_city, enter_volcano_4, pdpol_lair_cavern_descent,
          uniq_nergalle
Lair:3:   layout_regular_city, mainiacjoe_shoals_entry_four_pools,
          spider_nest_entry_web_field, small_statue_intersection
Lair:4:   layout_regular_city, nicolae_slime_entry_field_trip,
          grunt_megastairs_3, serial_bayou_shore_b
Lair:5:   guppyfry_lair_end_dragon, layout_gridlike, serial_rivers,
          chequers_serial_rivers_room_a, chequers_serial_rivers_micro_e,
          chequers_serial_rivers_small_3, chequers_serial_rivers_micro_d,
          chequers_serial_rivers_room_a, gauntlet_entry_generic, uniq_sonja
Shoals:1: argonaut_golden_fleece, layout_shoals, serial_shops,
          nicolae_shop_dealshenge, nicolae_shoals_circle_sea_wall,
          nicolae_shop_gadgets
Shoals:2: layout_shoals, ebering_ghost_xom, uniq_donald, uniq_louise,
          uniq_polyphemus, uniq_frances
Shoals:3: layout_shoals, nicolae_island_escapes, uniq_ilsuiw
Shoals:4: shoals_end_hellmonk_storm_palace [storm_palace_center_ruins,
          storm_palace_corner_grid, storm_palace_corner_altar,
          storm_palace_corner_blocked, storm_palace_corner_grid]
Spider:1: layout_spider_delve, guppyfry_hornet_nest
Spider:2: layout_spider_delve, nicolae_spider_rock_and_or_roll,
          hangedman_spider_tarantella_strand
Spider:3: layout_spider_delve, ebering_ghost_rock_garden
Spider:4: spider_rune_water, hellmonk_narrow_tunnel, uniq_arachne,
          uniq_mlioglotl
Slime:1:  nicolae_slime_jelly_donut, layout_caves, basic_altar,
          cheibrodos_slime_lost_civilization_4
Slime:2:  layout_caves, nicolae_slime_phagocytosis
Slime:3:  layout_caves, nicolae_slime_round_cave
Slime:4:  layout_caves
Slime:5:  slime_pit_nicolae_royal_road_to_ruin
Orc:1:    layout_caves, ebering_ghost_rock_garden, elf_legates
Orc:2:    pf_orc_diabolical, layout_diamond_mine, uniq_josephine
Elf:1:    layout_geoelf_grid, gammafunk_ghost_tricky_traps, basic_altar,
          minmay_elf_demonology, minivault_23, lemuel_upstairs_altar,
          uniq_norris
Elf:2:    nicolae_elf_blades_crystal_corner, layout_geoelf_grid, serial_shops,
          nicolae_shop_real_fake_doors
Elf:3:    grunt_elf_hall_asides, layout_geoelf_octagon, hex_large,
          nicolae_elf_m_pinch, nicolae_alphabet_shops, uniq_asterion
Vaults:1: portal_desolation_entry_garden, nicolae_vaults_trapezoid_lopsided_4,
          nicolae_vaults_six-pack, nicolae_vaults_tangram_1, v_rooms_4,
          v_rooms_3, vaults_room_semicircle, nicolae_vaults_octothorpe,
          layout_vaults_big_room
Vaults:2: minmay_crypt_entry_necro_gods, nicolae_vaults_turnstiles, v_misc_17,
          ontoclasm_vaults_ring_square, nicolae_vaults_little_ls,
          nicolae_vaults_variable_pillar_hall, hangedman_vaults_variations,
          hangedman_vaults_snaps, ontoclasm_vaults_fault, v_misc_33,
          nicolae_vaults_asterisk, nicolae_vaults_closet_pinwheel_2,
          nicolae_vaults_diffraction_hallways,
          nicolae_vaults_trapezoid_lopsided_3, nicolae_vaults_hallways_thing,
          layout_vaults_maze_snakey, uniq_nikola
Vaults:3: hangedman_vaults_maws, vaults_mumra_hex,
          ontoclasm_vaults_loading_screen, nicolae_vaults_puzzle_piece,
          v_misc_11, nicolae_vaults_network_square,
          nicolae_vaults_tetromino_Z_2, layout_vaults_quadrants, serial_shops,
          nicolae_shop_just_a_little_nook
Vaults:4: ebering_ghost_gozag, nicolae_vaults_rhombus_7,
          nicolae_vaults_layer_cake_slice, v_misc_11, v_pattern_4,
          nicolae_vaults_oozy_zoo, nicolae_vaults_storage_closets_2,
          nicolae_vaults_closet_pinwheel_6, ontoclasm_vaults_misaligned,
          hangedman_vaults_nodes, ontoclasm_vaults_idyll,
          ontoclasm_vaults_idyll, nicolae_vaults_tangram_1, serial_ice_h,
          layout_vaults_big_cross
Vaults:5: uniq_sojobo
Crypt:1:  layout_chaotic_city, grunt_crypt_arrival_split, grunt_megastairs_4
Crypt:2:  gammafunk_sealed_arena, layout_rooms, minivault_27,
          nrook_guardian_serpent_ordinary
Crypt:3:  lightli_unholy_cathedral, layout_chaotic_city,
          nicolae_tomb_entry_unfolded_pyramid_diagonal,
          infiniplex_enter_wizlab_glasses, gammafunk_ghost_arena
Depths:1: minmay_expanding_squares, layout_gridville, serial_shops,
          nicolae_shop_rolled_up, grunt_pan_entry_sceptre, hell_entry,
          hangedman_glass_teeth, fedhas_altar_1
Depths:2: minmay_ornate_pinched, layout_cave_shapes, enter_ziggurat_e,
          hell_entry, abyss_entry, rand_demon_pan_entry_5, uniq_josephina
Depths:3: wad_lake_hut, layout_basic, gammafunk_ghost_split,
          abyss_entry_small_statue_room, serial_sigils,
          serial_sigils_hangedman_confine, serial_sigils_hangedman_etch,
          serial_sigils_hangedman_scratch, serial_sigils_hangedman_gut,
          pf_hell_entry_tar_river, small_statue_intersection,
          kiku_gazebo_garden_becter, minmay_shop_grove, uniq_xtahua
Depths:4: grunt_zot_entry_hairpin, layout_gridlike, grunt_hell_entry_dis_mu,
          minmay_misc_feat_enclosed, gammafunk_ghost_berserking_beasts,
          st_stairs_13
Hell
Dis:1:    layout_jigsaw
Dis:2:    layout_gridville, nicolae_hells_seeping_fissure
Dis:3:    layout_subdivisions
Dis:4:    layout_regular_city
Dis:5:    layout_subdivisions, nicolae_dis_metal_dragon_surprise
Dis:6:    layout_subdivisions
Geh:1:    layout_gehenna_lava_caves
Geh:2:    layout_gehenna_pools_box
Geh:3:    layout_gehenna_lava_caves
Geh:4:    layout_gehenna_lava_caves
Geh:5:    layout_gehenna_pools_box
Geh:6:    layout_gehenna_lava_caves
Geh:7:    evilmike_geh
Tar:1:    layout_honeycomb
Tar:2:    nicolae_tar_honey_stairs, layout_cathedral_of_symmetry,
          nicolae_tar_cuneiform_bird
Tar:3:    layout_grid_maze, nicolae_tar_cuneiform_city
Tar:4:    layout_cathedral_of_symmetry
Tar:5:    layout_catacombs, nicolae_tar_cuneiform_sun,
          nicolae_tar_cuneiform_water
Tar:6:    layout_cathedral_of_symmetry
Tar:7:    tar_old
Zot:1:    layout_twisted_circle, regret_index_zotdec_silver_v_v_loose,
          nicolae_zig_zag_zippers
Zot:2:    layout_onion_interference, skrybe_zot_glass_2,
          gammafunk_ghost_wrathful_warriors
Zot:3:    layout_basic, uniq_tiamat, uniq_vv
Zot:4:    layout_basic, regret_index_zotdec_glowing_original
Zot:5:    layout_basic

Skill      XL: |  1  2  3  4  5  6  7  8  9 10 11 12 13 14 15 16 17 18 19 20 21 22 23 24 25 26 27 |
---------------+----------------------------------------------------------------------------------+-----
Spellcasting   | 4 5 7 8 9 11 12 13 14 15 16 17 18 20 27 | 27.0
Conjurations   | 4 5 7 8 9 11 12 13 14 15 16 17 18 20 27 | 27.0
Hexes          | 4 5 7 8 9 11 12 13 14 15 16 17 18 20 27 | 27.0
Summonings     | 4 5 7 8 9 11 12 13 14 15 16 17 18 20 27 | 27.0
Necromancy     | 4 5 7 8 9 11 12 13 14 15 16 17 18 20 27 | 27.0
Translocations | 4 5 7 8 9 11 12 13 14 15 16 17 18 20 27 | 27.0
Transmutations | 4 5 7 8 9 11 12 13 14 15 16 17 18 20 27 | 27.0
Fire Magic     | 4 5 7 8 9 11 12 13 14 15 16 17 18 20 27 | 27.0
Ice Magic      | 4 5 7 8 9 11 12 13 14 15 16 17 18 20 27 | 27.0
Air Magic      | 4 5 7 8 9 11 12 13 14 15 16 17 18 20 27 | 27.0
Earth Magic    | 4 5 7 8 9 11 12 13 14 15 16 17 18 20 27 | 27.0
Poison Magic   | 4 5 7 8 9 11 12 13 14 15 16 17 18 20 27 | 27.0
Fighting       | 1 2 3 4 6 8 12 14 15 16 17 18 19 20 27 | 27.0
Dodging        | 4 6 8 9 10 12 13 14 16 24 | 24.0
Armour         | 1 4 6 8 10 11 15 17 20 | 20.7
Long Blades    | 1 5 8 10 11 13 15 19 | 19.9
Invocations    | 2 6 7 8 10 12 14 15 19 | 19.2
Stealth        | 3 4 15 | 15.0
Short Blades   | 2 |  2.6
Shields        | 2 5 7 10 12 14 25 | 25.0
Evocations     | 10 | 10.0

Action                     |  1- 3 |  4- 6 |  7- 9 | 10-12 | 13-15 | 16-18 | 19-21 | 22-24 | 25-27 || total
---------------------------+-------+-------+-------+-------+-------+-------+-------+-------+-------++-------
  Melee: Dagger            |       |     3 |     7 |       |       |       |       |       |       ||    10
         Whip              |       |       |    17 |     8 |       |       |       |       |       ||    25
         Punch             |       |       |     1 |       |     3 |       |       |       |       ||     4
         Great sword       |       |       |       |    71 |    10 |       |       |       |       ||    81
         Knife             |       |       |       |       |   332 |   477 |   187 |     3 |     3 ||  1002
         Scimitar          |       |       |       |       |       |   505 |   648 |   490 |  4413 ||  6056
         Staff             |       |       |       |       |       |       |     1 |     8 |    15 ||    24
  Throw: Dart              |       |     7 |     1 |       |     1 |       |       |       |       ||     9
   Cast: Sandblast         |    31 |    40 |    63 |     7 |       |       |       |       |       ||   141
         Stone Arrow       |     2 |     8 |    57 |   116 |   142 |    12 |       |     4 |     5 ||   346
         Call Canine Famil |       |       |    12 |    53 |    11 |     8 |       |     2 |    21 ||   107
         Mephitic Cloud    |       |       |       |    10 |    47 |    96 |    80 |    11 |    13 ||   257
         Brom's Barrelling |       |       |       |     3 |    14 |     2 |       |       |       ||    19
         Petrify           |       |       |       |     5 |    26 |     6 |     1 |     1 |     1 ||    40
         Vhi's Electric Ch |       |       |       |     1 |     1 |    65 |    79 |    47 |   289 ||   482
         Passwall          |       |       |       |     1 |       |       |       |       |       ||     1
         Borgnjor's Vile C |       |       |       |       |   128 |   114 |    33 |    17 |   159 ||   451
         Simulacrum        |       |       |       |       |     1 |     2 |       |       |       ||     3
         Malign Gateway    |       |       |       |       |       |     1 |       |       |       ||     1
         Ozocubu's Refrige |       |       |       |       |       |       |    80 |   343 |   116 ||   539
         Enfeeble          |       |       |       |       |       |       |       |     2 |     1 ||     3
         Spellforged Servi |       |       |       |       |       |       |       |     3 |    36 ||    39
         Chain Lightning   |       |       |       |       |       |       |       |       |   559 ||   559
         Death's Door      |       |       |       |       |       |       |       |       |     2 ||     2
 Invoke: Slouch            |       |       |       |       |     4 |     2 |       |       |     4 ||    10
         Step From Time    |       |       |       |       |       |       |     1 |       |     1 ||     2
  Evoke: Wand              |       |       |       |     6 |     3 |     1 |       |       |    19 ||    29
         Lightning rod     |       |       |       |       |       |     6 |       |       |     4 ||    10
         Phial of floods   |       |       |       |       |       |     1 |       |       |       ||     1
    Use: Scroll            |     7 |     7 |     1 |    11 |    16 |     7 |     7 |     6 |    40 ||   102
         Potion            |       |       |       |     1 |     6 |     3 |     3 |     4 |    49 ||    66
   Stab: Confused          |       |       |       |     5 |    46 |   166 |   131 |    21 |    20 ||   389
         Petrified         |       |       |       |     3 |       |     8 |     2 |     5 |       ||    18
         Distracted        |       |       |       |     1 |       |     1 |       |       |    18 ||    20
         Petrifying        |       |       |       |       |    14 |     7 |     2 |     1 |       ||    24
         Invisible         |       |       |       |       |       |       |       |     5 |     5 ||    10
         Sleeping          |       |       |       |       |       |       |       |       |     2 ||     2
 Armour: Robe              |     1 |    28 |    13 |    11 |       |       |       |       |       ||    53
         Scale mail        |       |       |       |    46 |       |       |       |       |       ||    46
         Troll leather arm |       |       |       |    48 |    27 |       |       |       |       ||    75
         Chain mail        |       |       |       |       |   122 |   311 |   205 |   199 |  1469 ||  2306
         Skin              |       |       |       |       |    26 |       |       |       |       ||    26
  Dodge: Dodged            |     2 |    35 |    26 |   287 |   358 |   632 |   317 |   216 |  2056 ||  3929
  Block: Other             |       |       |       |       |    48 |       |       |       |       ||    48
         Tower shield      |       |       |       |       |    97 |  1566 |  1098 |   907 |  6525 || 10193
         Reflection        |       |       |       |       |    12 |    34 |    58 |    90 |    47 ||   241

Table legend: (Time is in decaauts)
 A = Elapsed time spent in this place.
 B = Non-inter-level travel time spent in this place.
 C = Inter-level travel time spent in this place.
 D = Time resting spent in this place.
 E = Time spent auto-exploring this place.
 F = Levels seen in this place.
 G = Mean time per level.
                   A        B        C        D        E       F      G
               +--------+--------+--------+--------+--------+-----+--------+
         Total | 133928 | 121095 |  12833 |  17920 |  61969 | 124 | 1080.1 |
       Dungeon |  22096 |  19194 |   2902 |   1437 |  12240 |  15 | 1473.1 |
        Temple |     33 |     23 |     10 |      0 |      0 |   1 |   33.0 |
          Lair |  10570 |   9182 |   1388 |    658 |   6738 |   5 | 2114.0 |
        Shoals |   6989 |   6646 |    343 |    332 |   4847 |   4 | 1747.2 |
   Spider Nest |   6067 |   5749 |    318 |    924 |   2613 |   4 | 1516.8 |
    Slime Pits |   4388 |   4159 |    229 |   1986 |    735 |   5 |  877.6 |
  Orcish Mines |   3723 |   3035 |    688 |    182 |   1630 |   2 | 1861.5 |
   Elven Halls |   5990 |   5547 |    443 |    912 |   2948 |   3 | 1996.7 |
        Vaults |  15675 |  14078 |   1597 |   1997 |   8642 |   5 | 3135.0 |
         Crypt |   5201 |   4917 |    284 |    430 |   2958 |   3 | 1733.7 |
        Depths |  10811 |   8455 |   2356 |    856 |   5578 |   4 | 2702.8 |
          Hell |   1937 |   1651 |    286 |    871 |    307 |   1 | 1937.0 |
           Dis |   1567 |   1015 |    552 |    210 |    109 |   6 |  261.2 |
       Gehenna |   3311 |   3093 |    218 |    301 |    860 |   7 |  473.0 |
      Tartarus |   3573 |   3281 |    292 |    485 |    466 |   7 |  510.4 |
           Zot |  12464 |  11541 |    923 |   3015 |   5905 |   5 | 2492.8 |
         Abyss |   3534 |   3534 |      0 |    514 |    710 |  12 |  294.5 |
   Pandemonium |   9753 |   9753 |      0 |   1273 |   3602 |  13 |  750.2 |
      Ziggurat |   1828 |   1828 |      0 |    560 |      0 |  17 |  107.5 |
         Sewer |    444 |    444 |      0 |    111 |    175 |   1 |  444.0 |
       Volcano |    441 |    441 |      0 |     10 |      0 |   1 |  441.0 |
        Wizlab |   2413 |   2413 |      0 |    665 |    905 |   1 | 2413.0 |
    Desolation |    415 |    415 |      0 |    151 |      0 |   1 |  415.0 |
      Gauntlet |    693 |    693 |      0 |     39 |      0 |   1 |  693.0 |
               +--------+--------+--------+--------+--------+-----+--------+

Top non-repeatable levels by time:
Vaults:4: 4115 daAuts
   Elf:3: 3267 daAuts
   Zot:3: 3190 daAuts
Vaults:3: 3072 daAuts
Depths:3: 3013 daAuts
   Zot:5: 3007 daAuts
Vaults:2: 2945 daAuts
Depths:4: 2923 daAuts
Vaults:5: 2837 daAuts
   Zot:1: 2766 daAuts
Vaults:1: 2704 daAuts
   Orc:2: 2652 daAuts
Depths:2: 2607 daAuts
    D:13: 2456 daAuts
  Lair:1: 2440 daAuts
